 Dungeon Crawl Stone Soup version 0.29-a0-350-g7790a0e70a (webtiles) character file.

Game seed: 5651422098458206492

725676 spaghetti the Conqueror (level 27, -6/278 (298) HPs)
             Began as a Deep Dwarf Delver on Apr 22, 2022.
             Was the Champion of Makhleb.
             Killed from afar by a hellion (18 damage)
             ... with damnation
             ... on level 3 of Gehenna.
             The game lasted 06:06:18 (80234 turns).

spaghetti the Conqueror (Deep Dwarf Delver)        Turns: 80234, Time: 06:06:19

HP:   -6/278 (298)  AC: 63    Str: 28    XL:     27
MP:   17/17         EV: 18    Int: 13    God:    Makhleb [******]
Gold: 9030          SH: 11    Dex: 20    Spells: 10/26 levels left

rFire   + + .      SeeInvis .   b - +9 broad axe (vamp) {axe}
rCold   . . .      Faith    +   M - +2 buckler {AC+3}
rNeg    + + +      Spirit   .   Y - +14 crystal plate armour {rare=g}
rPois   .          Reflect  .   e - +2 hood of the Assassin {Detection Stab+ Stlth++}
rElec   .          Harm     .   i - +4 dragonskin cloak
rCorr   .          Rampage  ∞   v - +3 pair of gauntlets of War {Slay+5}
Will    ++++.                   N - +3 pair of seven-league boots {Rampage+∞}
Stlth   ++........              H - amulet of faith {!P}
HPRegen 0.00/turn               E - ring "Awkuset" {Drain Fly Str+2 Dex+4}
MPRegen 0.15/turn               P - ring of Ejabufec {rF+ rN++ Stlth-}

@: mighty, weakened, flying, hasted and slowed, studying Throwing, drained,
unable to read
A: damage resistance, heal wounds, negative energy resistance 1, sense
surroundings 3, no regeneration, deterioration 1, fire resistance 1, low MP 1,
mutation resistance 1
}: 6/15 runes: barnacled, slimy, silver, golden, abyssal, gossamer
a: Heal Wounds, Renounce Religion, Minor Destruction, Lesser Servant of Makhleb,
Major Destruction, Greater Servant of Makhleb


You were on level 3 of Gehenna.
You worshipped Makhleb.
Makhleb was exalted by your worship.
You visited 15 branches of the dungeon, and saw 64 of its levels.
You visited the Abyss 2 times.
You also visited: Trove.

You collected 12767 gold pieces.
You spent 3737 gold pieces at shops.


Innate Abilities, Weirdness & Mutations

You are resistant to damage.
You can heal yourself by infusing magical energy.
You resist negative energy. (rN+)
You passively map a large area around you.
You do not regenerate.
Your body sometimes deteriorates upon taking damage.
Your flesh is heat resistant. (rF+)
Your magical capacity is low. (-10% MP)
You are somewhat resistant to further mutation.


   Skills:
 O Level 27 Fighting
 - Level 6.4 Short Blades
 - Level 18.0 Axes
 - Level 8.0 Throwing
 - Level 22.8 Armour
 - Level 22.0 Dodging
 - Level 22.0 Stealth
 - Level 15.0 Shields
 + Level 12.4 Transmutations
 * Level 13.6 Earth Magic
 - Level 18.4 Invocations


You had 10 spell levels left.
You knew the following spells:

 Your Spells              Type           Power      Damage    Failure   Level
a - Wereblood             Tmut           32%        N/A       3%          2
b - Silence               Hex/Air        0%         N/A       100%        5
c - Swiftness             Air            0%         N/A       100%        3
d - Statue Form           Tmut/Erth      22%        N/A       92%         6

Your spell library contained the following spells:

 Spells                   Type           Power      Damage    Failure   Level
 Passwall                 Tmut/Erth      28%        N/A       2%          2
 Petrify                  Tmut/Erth      34%        N/A       14%         4
 Sting                    Tmut/Pois      64%        1d6       26%         1
 Lee's Rapid Deconstruct  Erth           17%        3d12*     32%         5
 Blade Hands              Tmut           16%        N/A       47%         5
 Stone Arrow              Conj/Erth      34%        3d9       50%         3
 Spider Form              Tmut/Pois      16%        N/A       58%         3
 Animate Armour           Summ/Erth      34%        N/A       88%         4
 Leda's Liquefaction      Hex/Erth       8%         N/A       88%         4
 Ice Form                 Ice/Tmut       16%        N/A       94%         4
 Animate Skeleton         Necr           0%         N/A       97%         1
 Apportation              Tloc           0%         N/A       97%         1
 Freeze                   Ice            0%         1d3       97%         1
 Magic Dart               Conj           0%         1d3       97%         1
 Pain                     Necr           0%         1d4       97%         1
 Shock                    Conj/Air       0%         1d3       97%         1
 Slow                     Hex            0%         N/A       97%         1
 Summon Small Mammal      Summ           0%         N/A       97%         1
 Call Imp                 Summ           0%         N/A       99%         2
 Corpse Rot               Necr/Air       0%         N/A       99%         2
 Ensorcelled Hibernation  Hex/Ice        0%         N/A       99%         2
 Poisonous Vapours        Pois/Air       0%         N/A       99%         2
 Scorch                   Fire           0%         2d5       99%         2
 Searing Ray              Conj           0%         2d4       99%         2
 Sublimation of Blood     Necr           0%         N/A       99%         2
 Borgnjor's Vile Clutch   Necr/Erth      8%         N/A       99%         5
 Confusing Touch          Hex            0%         N/A       100%        3
 Conjure Flame            Conj/Fire      0%         6-21      100%        3
 Dazzling Flash           Conj/Hex       0%         N/A       100%        3
 Frozen Ramparts          Ice            0%         1d2       100%        3
 Gell's Gravitas          Tloc           0%         N/A       100%        3
 Inner Flame              Hex/Fire       0%         N/A       100%        3
 Lesser Beckoning         Tloc           0%         N/A       100%        3
 Mephitic Cloud           Conj/Pois/Air  0%         N/A       100%        3
 Ozocubu's Armour         Ice            0%         N/A       100%        3
 Portal Projectile        Hex/Tloc       0%         N/A       100%        3
 Summon Guardian Golem    Hex/Summ       0%         N/A       100%        3
 Teleport Other           Tloc           0%         N/A       100%        3
 Tukima's Dance           Hex            0%         N/A       100%        3
 Vampiric Draining        Necr           0%         2d6       100%        3
 Airstrike                Air            0%         N/A       100%        4
 Anguish                  Hex/Necr       0%         N/A       100%        4
 Animate Dead             Necr           0%         N/A       100%        4
 Cause Fear               Hex            0%         N/A       100%        4
 Flame Wave               Conj/Fire      0%         2d4       100%        4
 Hailstorm                Conj/Ice       0%         3d3       100%        4
 Olgreb's Toxic Radiance  Pois           0%         N/A       100%        4
 Passage of Golubria      Tloc           0%         N/A       100%        4
 Summon Ice Beast         Ice/Summ       0%         N/A       100%        4
 Summon Lightning Spire   Summ/Air       0%         N/A       100%        4
 Alistair's Intoxication  Tmut/Pois      10%        N/A       100%        5
 Excruciating Wounds      Necr           0%         N/A       100%        5
 Freezing Cloud           Conj/Ice/Air   0%         6-21      100%        5
 Irradiate                Conj/Tmut      8%         3d16      100%        5
 Iskenderun's Battlesphe  Conj           0%         2d6       100%        5
 Lightning Bolt           Conj/Air       0%         1d11      100%        5
 Summon Forest            Summ/Tloc      0%         N/A       100%        5
 Yara's Violent Unravell  Hex/Tmut       8%         3d5       100%        5
 Conjure Ball Lightning   Conj/Air       0%         3x3d6     100%        6
 Death Channel            Necr           0%         N/A       100%        6
 Eringya's Noxious Bog    Tmut/Pois      8%         N/A       100%        6
 Iron Shot                Conj/Erth      8%         9d3       100%        6
 Simulacrum               Ice/Necr       0%         N/A       100%        6
 Starburst                Conj/Fire      0%         6d3       100%        6
 Summon Cactus Giant      Summ           0%         N/A       100%        6
 Enfeeble                 Hex            0%         N/A       100%        7
 Haunt                    Necr/Summ      0%         N/A       100%        7
 Ozocubu's Refrigeration  Ice            0%         4d5       100%        7
 Spellforged Servitor     Conj/Summ      0%         N/A       100%        7
 Storm Form               Tmut/Air       8%         N/A       100%        7
 Summon Hydra             Summ           0%         N/A       100%        7
 Discord                  Hex            0%         N/A       100%        8
 Disjunction              Tloc           0%         N/A       100%        8
 Ignition                 Fire           0%         3d3       100%        8
 Infestation              Necr           0%         N/A       100%        8
 Lehudib's Crystal Spear  Conj/Erth      8%         10d4      100%        8
 Maxwell's Capacitive Co  Air            0%         ∞         100%        8
 Necromutation            Tmut/Necr      8%         N/A       100%        8
 Chain Lightning          Conj/Air       0%         N/A       100%        9
 Fire Storm               Conj/Fire      0%         5d1       100%        9
 Polar Vortex             Ice            0%         N/A       100%        9
 Shatter                  Erth           17%        3d16*     100%        9

Inventory:

Hand Weapons
 a - a +9 vorpal broad axe {axe}
   (Trog gifted it to you on level 4 of the Shoals)
 b - a +9 vampiric broad axe (weapon) {axe}
   (You took it off a vault guard on level 5 of the Vaults)
 O - the +6 broad axe of the Little People {spect, SInv, axe}
   (You bought it in a shop on level 1 of the Orcish Mines)

   When its wielder attacks, the weapon's spirit leaps out and strikes again.
   The spirit shares a part of any damage it takes with its wielder.
   SInv:      It lets you see invisible.
Missiles
 m - 21 boomerangs (quivered) {throwing}
 p - 20 javelins {throwing}
Armour
 e - the +2 hood of the Assassin (worn) {Detection Stab+ Stlth++}
   (You found it on level 4 of the Spider Nest)

   It allows the wearer to sense nearby creatures.
   It allows the wearer to make particularly effective stabbing attacks against
   helpless or unaware enemies with any weapon.
   Stlth:     It makes you much more stealthy.
 i - the +4 dragonskin cloak (worn)
   (You took it off Tiamat on level 1 of the Realm of Zot)

   It grants the wearer a chance to resist fire, cold, poison, electricity,
   acid, and negative energy.
 v - the +3 pair of gauntlets of War (worn) {Slay+5}
   (You found it on level 5 of the Pits of Slime)

   Slay:      It affects your accuracy & damage with ranged weapons and melee
   (+5).
 M - a +2 buckler of protection (worn)
   (You took it off a tengu warrior on level 14 of the Dungeon)
 N - the +3 pair of seven-league boots (worn) {Rampage+∞}
   (You found it on level 1 of the Lair of Beasts)

   Its wearer moves as far as possible in that direction when moving towards
   enemies.
 Y - a +14 crystal plate armour (worn) {rare=g}
   (You found it on level 4 of the Realm of Zot)
Jewellery
 r - the ring of Cupud {EV+4 Str+3}
   (You found it on level 5 of the Pits of Slime)

   [ring of evasion]

   EV:        It affects your evasion (+4).
   Str:       It affects your strength (+3).
 t - a +4 ring of protection
   (You took it off a vault sentinel on level 1 of the Vaults)
 D - the amulet of the Four Winds {rN+ Will+++ Clar}
   (You found it on level 7 of the Dungeon)

   [amulet of nothing]

   rN:        It protects you from negative energy.
   Clar:      It protects you against confusion.
   Will:      It greatly increases your willpower.
 E - the ring "Awkuset" (left hand) {Drain Fly Str+2 Dex+4}
   (You found it on level 3 of the Elven Halls)

   [ring of flight]

   Str:       It affects your strength (+2).
   Dex:       It affects your dexterity (+4).
   Fly:       It grants you flight.
   Drain:     It drains your maximum health when unequipped.
 H - an amulet of faith (around neck) {!P}
   (You took it off a deep elf sorcerer on level 5 of the Vaults)
 P - the ring of Ejabufec (right hand) {rF+ rN++ Stlth-}
   (You found it on level 5 of the Abyss)

   [ring of protection from fire]

   rF:        It protects you from fire.
   rN:        It greatly protects you from negative energy.
   Stlth:     It makes you less stealthy.
 W - the ring of the Howling Gods {rCorr Dex+2}
   (You found it on level 3 of the Tomb of the Ancients)

   [ring of resist corrosion]

   Dex:       It affects your dexterity (+2).
   rCorr:     It protects you from acid and corrosion.
Scrolls
 j - 3 scrolls of silence {!r}
 o - 28 scrolls of teleportation {@r4}
 s - 5 scrolls of immolation {!r!r}
 w - 12 scrolls of magic mapping {!r}
 I - 11 scrolls of fear
 J - 10 scrolls of fog
 Q - 6 scrolls of vulnerability {!r!r}
 T - 7 scrolls of holy word
Potions
 k - 19 potions of curing {@q1}
 l - 5 potions of magic
 q - 3 potions of attraction {!q}
 u - 2 potions of lignification {!q}
 x - 4 potions of might
 y - a potion of invisibility
 z - a potion of brilliance
 C - 6 potions of resistance
 F - a potion of cancellation
 S - 8 potions of flight
 X - 2 potions of haste {@q3}
Miscellaneous
 c - a condenser vane
   (You found it on level 3 of the Tomb of the Ancients)
 d - a phial of floods
   (You found it on level 3 of the Tomb of the Ancients)
 g - a figurine of a ziggurat
 h - a tin of tremorstones (2/2) {throwing}
   (You found it on level 3 of the Tomb of the Ancients)
 n - the horn of Geryon
   (You took it off Geryon in the Vestibule of Hell)
 K - a piece from Xom's chessboard (15/15)
   (You found it on level 1 of the Spider Nest)

Dungeon Overview and Level Annotations

Branches:
Dungeon (15/15)            Temple (1/1) D:6            Lair (6/6) D:10
 Shoals (4/4) Lair:4       Spider (4/4) Lair:2        Slime (5/5) Lair:5
    Orc (2/2) D:9             Elf (3/3) Orc:2        Vaults (5/5) D:14
  Crypt (3/3) Vaults:3       Tomb (3/3) Crypt:3      Depths (4/4) D:15
   Hell (visited)             Dis (0/7) Hell            Geh (3/7) Hell
    Coc (0/7) Hell            Zot (5/5) Depths:4
    Tar: Hell:1

Altars:
Ashenzari
Cheibriados
Dithmenos
Elyvilon
Fedhas
Gozag
Hepliaklqana
Kikubaaqudgha
Makhleb
Nemelex Xobeh
Okawaru
Qazlal
Ru
Sif Muna
Trog
Uskayaw
Vehumet
Wu Jian
Xom
Yredelemnul
Zin
The Shining One
Jiyva
Lugonu

Shops:
D:10 [   D:11 (   Orc:1 (   Orc:2 :!(*   Elf:1 (((   Elf:3 (*[?!   Shoals:1 *
Vaults:1 =   Vaults:2 *   Vaults:3 *   Depths:2 (   Depths:4 :

Portals:
Hell: Depths:1 Depths:2 Depths:3 Depths:4
Abyss: D:3 Depths:1 Depths:3 Depths:4
Pandemonium: Orc:2 Depths:1 Depths:2 Depths:4
Ziggurat: Depths:1

Annotations:
D:2 1 exclusion
D:5 1 transporter, KryptKrawler's ghost, novice SpEn
D:7 exclusion: door
D:13 exclusions: door and downstairs
D:14 1 exclusion
Lair:6 1 exclusion
Slime:5 2 exclusions
Elf:1 exclusion: downstairs
Elf:2 exclusion: 2 doors
Elf:3 3 exclusions
Vaults:3 exclusion: door
Vaults:4 1 exclusion
Vaults:5 2 exclusions
Crypt:3 1 exclusion
Tomb:1 1 exclusion
Tomb:3 2 exclusions
Depths:3 1 exclusion
Zot:2 2 transporters, Vuynal's ghost, legendary GrHu
Zot:4 2 exclusions
Zot:5 exclusion: Orb Guardian

#........# ..........§2..+ ,,.+
#........# #≈≈≈#...#≈≈§#.## .#
#........# #...≈...≈...#..##'#.
#........#,{,#..h≈...≈2..#.......
##..)..#.#≈ #.{h≈...≈2..#..)....
##....##.#########...#####)......
#.........##.........†)†..).)....
##........#^.......W..†..........
##.#'#...#.....@.D2.............
####.##..#........1..)..........
#)'...#.#................)......
####.##.#.......................
###...........Y..............
##.....##........)....#..##
#########....###.#####*## ######
###


You could see a bone dragon, a hellephant, a Tzitzimitl, a reaper, a putrid
mouth and 2 hellions.


Message History

You block the reaper's attack. The Tzitzimitl engulfs you!
* * * LOW HITPOINT WARNING * * *
The Tzitzimitl barely misses you. 😱 HP[-5]
You take 5 damage, and now have 58/278 hp.
Unknown command.
You cannot see clearly; the smoke and ash is too thick!
Unknown command.
You feel yourself speed up.
You are engulfed in dark miasma.
You are more poisoned.
* * * LOW HITPOINT WARNING * * *
You feel extremely sick.
The bone dragon bites you but does no damage.
The bone dragon claws you but does no damage.
You block the bone dragon's attack. The putrid mouth barely misses you.
The putrid mouth claws you but does no damage.
The reaper barely misses you.
The Tzitzimitl engulfs you but does no damage.
The Tzitzimitl completely misses you.
The bone dragon bites you but does no damage.
The bone dragon misses you. You block the bone dragon's attack.
The putrid mouth howls a warning cry!
The reaper hits you but does no damage.
You hear a hideous shriek!
You hear an angry squeal.
You hear a deafening roar! x2
You hear an angry squeal. 😱 HP[-23]
You take 23 damage, and now have 35/278 hp.
Unknown command.
You feel much better.
You feel very sick. You block the Tzitzimitl's attack.
The Tzitzimitl bites you but does no damage.
You block the bone dragon's attack.
The bone dragon claws you but does no damage.
The bone dragon tramples you but does no damage.
You block the putrid mouth's attack.
The putrid mouth claws you but does no damage.
The reaper closely misses you. 😱 HP[+22]
You regained 22 hp, and now have 57/278 hp.
Press: ? - help, v - describe, . - travel The floor, spattered with blood.
Unknown command.
You stride towards the hellephant!
You open the hellephant like a pillowcase!!!
The Tzitzimitl gestures at you.
The bolt of negative energy hits you but does no damage.
You resist.
The hellephant tramples you but does no damage.
The hellephant bites you but does no damage.
The hellephant gores you but does no damage.
You hit the hellephant but do no damage.
The putrid mouth throws miasma at you.
The foul vapour engulfs you but does no damage.
You slash the hellephant!
You are engulfed in dark miasma.
You are more poisoned.
You feel extremely sick. The hellephant barely misses you.
The hellephant bites you but does no damage.
The hellephant completely misses you. 😱 HP[-7]
You take 7 damage, and now have 50/278 hp.
Unknown command.
Unknown command.
You feel much better.
You are engulfed in dark miasma.
* * * LOW HITPOINT WARNING * * *
You feel extremely sick.
The hellephant blinks! 😱 HP[+8]
You regained 8 hp, and now have 58/278 hp.
Unknown command.
Unknown command.
Really fly into that cloud of foul pestilence?
Okay, then.
Unknown command.
You cannot see clearly; the smoke and ash is too thick!
Unknown command.
Really fly into that cloud of foul pestilence?
You are engulfed in dark miasma.
You are more poisoned.
You feel as though you will be slow longer.
* * * LOW HITPOINT WARNING * * *
You feel extremely sick.
The Tzitzimitl calls on the powers of darkness!
Your body is wracked with pain!
* * * LOW HITPOINT WARNING * * *
😱 HP[-26]
You take 26 damage, and now have 32/278 hp.
Unknown command.
You feel better. The hellion gestures at you.
The sphere of damnation explodes!
The damnation engulfs you!!
* * * LOW HITPOINT WARNING * * *
The hellephant blinks!
The hellion gestures at you.
The sphere of damnation explodes!
The damnation engulfs you!!
You die...

Skill      XL: |  1  2  3  4  5  6  7  8  9 10 11 12 13 14 15 16 17 18 19 20 21 22 23 24 25 26 27 |
---------------+----------------------------------------------------------------------------------+-----
Short Blades   | 3 4 6 |  6.4
Fighting       | 3 4 5 6 7 8 9 11 12 13 14 15 17 19 22 23 24 27 | 27.0
Dodging        | 3 4 5 6 7 8 10 11 12 14 15 16 18 20 22 | 22.0
Axes           | 3 5 7 9 11 13 14 17 18 | 18.0
Armour         | 2 3 5 6 8 9 11 14 16 18 20 21 22 | 22.8
Stealth        | 7 8 10 11 12 14 18 21 22 | 22.0
Shields        | 14 15 | 15.0
Throwing       | 8 |  8.0
Transmutations | 7 12 | 12.4
Invocations    | 13 18 | 18.4
Earth Magic    | 13 | 13.6

Action                   |  1- 3 |  4- 6 |  7- 9 | 10-12 | 13-15 | 16-18 | 19-21 | 22-24 | 25-27 || total
-------------------------+-------+-------+-------+-------+-------+-------+-------+-------+-------++-------
Melee: Short sword       |    12 |   102 |       |       |       |       |       |       |       ||   114
       Dagger            |       |    43 |    10 |       |       |       |       |       |       ||    53
       Punch             |       |     3 |     4 |    16 |    14 |       |       |       |       ||    37
       Hand axe          |       |       |   352 |   662 |  1726 |  1793 |  2277 |  1110 |       ||  7920
       Broad axe         |       |       |       |    19 |   108 |   109 |    21 |  1314 |  3312 ||  4883
       Flail             |       |       |       |     9 |       |       |       |       |       ||     9
       Spear             |       |       |       |       |       |       |     5 |       |       ||     5
 Fire: Hand crossbow     |       |       |     1 |       |       |       |       |       |       ||     1
Throw: Stone             |       |       |    24 |    33 |    27 |       |       |       |     4 ||    88
       Dart              |       |       |       |     1 |       |       |       |       |       ||     1
       Boomerang         |       |       |       |       |       |       |       |       |    43 ||    43
       Javelin           |       |       |       |       |       |       |       |       |     5 ||     5
 Cast: Wereblood         |       |       |       |       |       |       |       |       |    16 ||    16
Invok: Berserk           |       |     4 |    10 |    16 |     9 |    14 |    12 |    24 |     9 ||    98
       Trog's Hand       |       |       |     3 |     6 |     5 |    20 |    19 |    17 |    36 ||   106
       Brothers in Arms  |       |       |       |       |     5 |     7 |    14 |    10 |     5 ||    41
       Major Destruction |       |       |       |       |       |       |       |       |     5 ||     5
       Greater Servant o |       |       |       |       |       |       |       |       |     3 ||     3
 Abil: Heal Wounds       |       |     1 |       |       |       |     2 |       |       |    72 ||    75
Evoke: Wand              |     5 |     7 |       |     6 |       |       |       |       |       ||    18
       Phantom mirror    |       |       |       |       |       |       |       |     1 |     2 ||     3
  Use: Potion            |       |     7 |     1 |     3 |     1 |     4 |       |    11 |    51 ||    78
       Scroll            |       |     4 |     5 |    10 |    10 |     7 |     2 |    32 |    30 ||   100
 Stab: Sleeping          |     2 |    27 |    11 |     6 |     4 |    10 |    13 |    11 |     5 ||    89
       Distracted        |       |     1 |       |     3 |     3 |     6 |     4 |     5 |    35 ||    57
       Petrifying        |       |       |       |     1 |       |       |       |       |     1 ||     2
       Petrified         |       |       |       |     1 |       |       |       |       |       ||     1
       Invisible         |       |       |       |       |       |       |       |       |     1 ||     1
Armor: Leather armour    |     1 |    23 |    67 |   137 |       |       |       |       |       ||   228
       Plate armour      |       |       |       |    93 |   927 |       |       |       |       ||  1020
       Scale mail        |       |       |       |       |   160 |   746 |   223 |       |       ||  1129
       Chain mail        |       |       |       |       |       |       |   550 |       |       ||   550
       Ring mail         |       |       |       |       |       |       |   320 |   450 |       ||   770
       Storm dragon scal |       |       |       |       |       |       |       |   723 |       ||   723
       Crystal plate arm |       |       |       |       |       |       |       |   267 |  2277 ||  2544
       Skin              |       |       |       |       |       |       |       |       |   570 ||   570
Dodge: Dodged            |     8 |    67 |   285 |   499 |   890 |  1141 |  2430 |  2575 |  2408 || 10303
Block: Buckler           |       |       |       |       |   171 |   384 |   703 |  1015 |  1758 ||  4031
       Kite shield       |       |       |       |       |       |       |       |     3 |       ||     3
       Rpst.: Hand axe   |       |       |       |       |       |   175 |   441 |   173 |       ||   789
       Broad axe         |       |       |       |       |       |       |       |   205 |    28 ||   233

Levels and vault maps discovered:
D:1:      scummos_arrival_gate, layout_loops_ring, minmay_worlds_worst_comb
D:2:      layout_basic, uniq_natasha
D:3:      layout_basic, mainiacjoe_overflow_small_starburst,
          nicolae_overflow_crystal_walls, gammafunk_ghost_abyssal_escape
D:4:      layout_cave_pods, tso_altar, kennysheep_doodads
D:5:      minmay_skewed_foursquare, layout_rooms,
          grunt_temple_overflow_order_and_chaos_1,
          mainiacjoe_overflow_surrounded_room, gammafunk_ghost_smash,
          fountainhead, abandoned_shop, dk_noncrumbling_2,
          minmay_misc_feat_four_crosses, uniq_sigmund, uniq_eustachio
D:6:      layout_cave_pools, temple_hall, minivault_5
D:7:      cheibrodos_quashed, layout_basic, cheibrodos_worm_habitat,
          hangedman_decor_slide_cut, uniq_maggie
D:8:      gammafunk_indiana_jones, layout_basic,
          nemelex_xobeh_ov_fountains_minmay, nicolae_figureground_pulse
D:9:      layout_basic, mainiacjoe_overflow_alcove_4, lemuel_tele_altar,
          mainiacjoe_overflow_tiny_flanked, minmay_orc_entry_guard_dogs
D:10:     layout_long_grid, mainiacjoe_overflow_paths,
          mainiacjoe_overflow_catwalk, lair_entry_dummy, serial_shops,
          nicolae_shop_overgrown_old_shop, minmay_misc_feat_rows
D:11:     layout_long_grid, serial_shops, kennysheep_mini, uniq_maurice
D:12:     layout_loops_ring, portal_ice_cave_rime
D:13:     layout_roguey, minivault_12
D:14:     layout_basic, lightli_vaults_fourway_checkpoint, st_stairs_11,
          kb_rosetta
D:15:     grunt_enter_depths_snipers, layout_loops_ring,
          nicolae_trove_entry_crossroad, nicolae_cairo_tiling_large,
          hangedman_corner_corridor, uniq_agnes
Temple:   jpeg_temple_island
Lair:1:   layout_regular_city
Lair:2:   layout_layer_cave, spider_nest_entry_web_field, grunt_megastairs_2
Lair:3:   layout_roguey, eino_small_chamber_without_monster,
          infiniplex_staircase_pool_2
Lair:4:   layout_gridlike, minmay_shoals_entry_beasts,
          infiniplex_staircase_pool, lemuel_fruit_tree
Lair:5:   layout_cave_pods, slime_altar_1, serial_bayou_pond_d,
          serial_bayou_shore_a
Lair:6:   grunt_lair_end_beastmaster, layout_long_grid,
          grunt_forest_large_clearings, serial_bayou_shore_b,
          lemuel_fruit_fields
Shoals:1: layout_shoals, serial_shops, nicolae_lakefront_shop,
          nicolae_shoals_nymph_descending_staircase
Shoals:2: layout_shoals
Shoals:3: nicolae_shoals_mermall, layout_shoals, nicolae_shoals_so_close
Shoals:4: shoals_end_hangedman, layout_shoals, nicolae_shoals_this_corrosion
Spider:1: layout_spider_delve, drop_trap, nicolae_spider_nook
Spider:2: layout_cave_pods, hangedman_spider_tarantella_strand
Spider:3: layout_chambers
Spider:4: spider_rune_water
Slime:1:  layout_caves, special_room [special_room_jelly]
Slime:2:  layout_caves, nicolae_slime_phagocytosis
Slime:3:  layout_caves
Slime:4:  layout_caves
Slime:5
Orc:1:    layout_caves, serial_shops, shop_fountains, elves_outpost_lemuel
Orc:2:    pf_orc_diabolical, layout_caves, uniq_rupert
Elf:1:    eino_elf_arrival_sip, layout_loops_corners, serial_shops,
          nicolae_shop_crystal, shop, nicolae_shop_bloodbath_and_beyond,
          kennysheep_underground_church, grunt_megastairs_3
Elf:2:    nicolae_elf_blades_splatter_lattice [grunt_blade_entry_basic],
          layout_gridlike, uniq_roxanne, uniq_jorgrun
Elf:3:    minmay_elf_hall, layout_geoelf_diagonals, serial_shops, shop,
          nicolae_shop_hallway_stairs, nicolae_shop_trees,
          nicolae_shop_behind_doors, nicolae_shop_waterfront,
          guppyfry_elf_garden
Vaults:1: portal_desolation_entry_salt, nicolae_vaults_little_squares_1,
          ontoclasm_vaults_misaligned, vaults_room_grunt_arrival_ludios,
          nicolae_vaults_little_squares_6, nicolae_vaults_border_crossing,
          nicolae_vaults_little_squares_5, layout_vaults_omnigrid, serial_shops,
          shop
Vaults:2: v_misc_12, vaults_dpeg_encased_lava, vaults_dpeg_hooks,
          vaults_room_mumra_shop_pool, st_smaller_cells, v_misc_28,
          grunt_vaults_focal, nicolae_vaults_windows_and_doors_thing,
          layout_vaults_omnicross, uniq_margery, uniq_sojobo, uniq_nikola
Vaults:3: nicolae_vaults_mini_display_case, ontoclasm_vaults_twist, v_misc_15,
          hangedman_vaults_variations, st_lines, v_misc_33, v_misc_18,
          vaults_standard_mumra_lines, ontoclasm_vaults_ring_square, v_misc_14,
          minmay_crypt_entry_simple_plaza, vaults_room_semicircle,
          nicolae_vaults_little_squares_1, vaults_mumra_hexcomb,
          layout_vaults_maze_bifur, serial_shops, nicolae_diamond_shop
Vaults:4: nicolae_vaults_little_squares_3, vaults_room_ringed_pool,
          ontoclasm_vaults_ring_small, hangedman_vaults_cutoff,
          vaults_room_corners, ontoclasm_vaults_chip, layout_vaults_chaotic_city
Vaults:5: serial_shops
Crypt:1:  layout_misc_corridors, gammafunk_ghost_necromancy, uniq_zenata
Crypt:2:  layout_rooms, uniq_khufu, uniq_xtahua
Crypt:3:  church_of_pain_bobbens, layout_chaotic_city
Tomb:1
Tomb:2
Tomb:3
Depths:1: layout_cave_shapes, enter_ziggurat_e,
          nicolae_cairo_tiling_large_dashed, pan_entry, hell_entry,
          abyss_entry_flame_altar, hangedman_research_probablistics
Depths:2: grunt_deathspiral_small, layout_cave_pools, serial_shops,
          kennysheep_little_box, hell_entry, grunt_pan_entry_sceptre,
          hangedman_decor_riveting, nicolae_vehumet_radiance,
          serial_bayou_shore_b, minmay_staircase_windowed_large, uniq_bai_suzhen
Depths:3: hangedman_arch_fort, layout_gridlike, pf_vacation_house_of_asmodeus,
          abyss_entry_small_statue_room, grunt_megastairs_5, uniq_saint_roka
Depths:4: grunt_zot_entry_funnels, layout_basic, good_gods_mini_temple,
          rand_demon_pan_entry_1, abyss_entry, pf_hell_entry_tar_river,
          yredelemnul_altar_generic, minmay_shop_star
Hell
Geh:1:    layout_gehenna_pools_triple
Geh:2:    layout_gehenna_pools_box
Geh:3:    nicolae_geh_tyrants_menagerie, layout_gehenna_pools_triple,
          gehenna_fire_generator
Zot:1:    layout_basic, grunt_ministairs_6, uniq_tiamat
Zot:2:    layout_gridlike, gammafunk_ghost_arena, uniq_vv
Zot:3:    layout_misc_corridors, lemuel_baited_zot_trap
Zot:4:    layout_onion
Zot:5:    layout_gridville

Notes
Turn   | Place    | Note
-------+----------+-------------------------------------------
     0 | D:5      | spaghetti the Deep Dwarf Delver began the quest for the
                  | Orb.
     0 | D:5      | Reached XP level 1. HP: 20/20 MP: 1/1
     0 | D:5      | magus.rc [v1.9.6]
    13 | D:5      | Found a bloodstained altar of Trog.
    45 | D:5      | Noticed a hound
    50 | D:5      | Killed a hound
    51 | D:5      | Reached skill level 3 in Short Blades
    51 | D:5      | Reached XP level 2. HP: 27/27 MP: 2/2
    51 | D:5      | Reached XP level 3. HP: 33/33 MP: 3/3
    70 | D:5      | Became a worshipper of Trog the Wrathful
   140 | D:4      | Noticed a sky beast
   154 | D:4      | Killed a sky beast
   155 | D:4      | Reached skill level 4 in Short Blades
   155 | D:4      | Reached XP level 4. HP: 14/40 MP: 4/4
   155 | D:4      | Reached XP level 5. HP: 16/46 MP: 5/5
   158 | D:4      | Reached skill level 5 in Short Blades
   293 | D:4      | Reached skill level 6 in Short Blades
   293 | D:4      | Reached XP level 6. HP: 19/55 MP: 6/6
   340 | D:3      | Found a burning altar of Makhleb.
   352 | D:3      | Found a one-way gate to the infinite horrors of the Abyss.
   352 | D:3      | Noticed Laraso's ghost (amateur TrMo)
   389 | D:3      | Found a transporter.
   394 | D:3      | Found a transporter.
   461 | D:2      | Noticed Natasha
   783 | D:1      | Reached * piety under Trog
  1701 | D:2      | Killed Natasha
  1785 | D:2      | Reached skill level 3 in Fighting
  2062 | D:2      | Noticed Natasha
  2082 | D:2      | Killed Natasha
  2139 | D:2      | Noticed Natasha
  2150 | D:2      | Killed Natasha
  2567 | D:3      | Reached skill level 3 in Dodging
  2567 | D:3      | Reached XP level 7. HP: 49/62 MP: 7/7
  2595 | D:3      | Noticed a small abomination
  2877 | D:3      | Found a basalt altar of Yredelemnul.
  3416 | D:4      | Found a glowing golden altar of the Shining One.
  3512 | D:4      | Reached skill level 1 in Axes
  3512 | D:4      | Reached skill level 1 in Armour
  3612 | D:5      | Noticed Eustachio
  3630 | D:5      | Killed Eustachio
  3631 | D:5      | Reached skill level 2 in Axes
  3736 | D:5      | Killed an angel
  3826 | D:5      | Reached skill level 2 in Armour
  3865 | D:5      | Reached skill level 3 in Axes
  3866 | D:5      | Reached skill level 4 in Dodging
  3866 | D:5      | Reached XP level 8. HP: 72/72 MP: 8/8
  3868 | D:5      | Reached skill level 4 in Fighting
  3868 | D:5      | Reached ** piety under Trog
  4126 | D:5      | Reached skill level 4 in Axes
  4128 | D:5      | Found a shimmering altar of Xom.
  4132 | D:5      | Found a glowing silver altar of Zin.
  4136 | D:5      | Reached skill level 7 in Stealth
  4142 | D:5      | Reached skill level 3 in Armour
  4161 | D:5      | Noticed Sigmund
  4174 | D:5      | Killed Sigmund
  4361 | D:5      | Reached skill level 5 in Axes
  4541 | D:5      | Noticed KryptKrawler's ghost (novice SpEn)
  4542 | D:5      | Found a transporter.
  4551 | D:5      | Identified the +5 dire flail of Ybloth {flame, rF+}
  4618 | D:6      | Reached skill level 5 in Dodging
  4843 | D:6      | Gained mutation: You passively map the area around you.
                  | [Deep Dwarf growth]
  4843 | D:6      | Reached XP level 9. HP: 50/79 MP: 9/9
  4972 | D:6      | You pick up a book of Cantrips {forbidden} and begin
                  | reading...
  4972 | D:6      | You add the spells Animate Skeleton, Summon Small Mammal
                  | and Apportation to your library.
  5022 | D:6      | Reached skill level 4 in Armour
  5077 | D:7      | Found the amulet of the Four Winds {rN+ Will+++ Clar}
  5082 | D:7      | Noticed Maggie
  5089 | D:7      | Killed Maggie
  5090 | D:7      | Reached skill level 6 in Axes
  5099 | D:7      | Reached skill level 8 in Stealth
  5110 | D:7      | Reached skill level 5 in Fighting
  5810 | D:7      | Found a snail-covered altar of Cheibriados.
  5920 | D:8      | You fall into a shaft and drop 1 floor!
  5922 | D:9      | Found a hazy altar of Hepliaklqana.
  5946 | D:9      | Reached skill level 7 in Axes
  5992 | D:8      | Reached skill level 6 in Dodging
  6173 | D:8      | Reached skill level 5 in Armour
  6371 | D:8      | Found a sparkling altar of Nemelex Xobeh.
  6796 | D:9      | Reached XP level 10. HP: 77/91 MP: 10/10
  6811 | D:9      | Reached skill level 8 in Axes
  6811 | D:9      | Reached skill level 9 in Stealth
  6935 | D:9      | Reached *** piety under Trog
  6993 | D:9      | Found a shimmering blue altar of Sif Muna.
  7014 | D:9      | Found an ornate altar of the Wu Jian Council.
  7039 | D:9      | Found a staircase to the Orcish Mines.
  7278 | D:9      | Noticed a two-headed ogre
  7293 | D:9      | Killed a two-headed ogre
  7294 | D:9      | Reached skill level 6 in Fighting
  7294 | D:9      | Reached skill level 6 in Armour
  7294 | D:9      | Reached skill level 7 in Dodging
  7463 | Orc:1    | Entered Level 1 of the Orcish Mines
  7463 | Orc:1    | Found Zempaet's Antique Weapon Shop.
  7701 | Orc:1    | Bought a brightly glowing broad axe for 252 gold pieces
  7701 | Orc:1    | Identified the +6 broad axe of the Little People {spect,
                  | SInv} (You bought it in a shop on level 1 of the Orcish
                  | Mines)
  7819 | D:10     | Entered Level 10 of the Dungeon
  7837 | D:10     | HP: 32/136 [wyvern (11)]
  7839 | D:10     | Reached skill level 9 in Axes
  7962 | D:10     | Noticed a two-headed ogre
  7977 | D:10     | Killed a two-headed ogre
  8009 | D:10     | Found Puidatu's Antique Armour Boutique.
  8010 | D:10     | Found a hide-covered altar of Uskayaw.
  8104 | D:10     | You add the spells Summon Forest, Eringya's Noxious Bog and
                  | Summon Hydra to your library.
  8195 | D:10     | You pick up a book of Ice {forbidden} and begin reading...
  8195 | D:10     | You add the spells Freezing Cloud, Simulacrum and Polar
                  | Vortex to your library.
  8359 | D:10     | Noticed a two-headed ogre
  8373 | D:10     | Killed a two-headed ogre
  8374 | D:10     | Reached skill level 10 in Stealth
  8477 | D:10     | Reached XP level 11. HP: 99/99 MP: 11/11
  8581 | D:10     | Found a staircase to the Lair.
  8588 | D:10     | Found an iron altar of Okawaru.
  8645 | Lair:1   | Entered Level 1 of the Lair of Beasts
  8681 | D:10     | Reached skill level 10 in Axes
  8949 | Lair:1   | Reached skill level 7 in Armour
  8979 | Lair:1   | Reached skill level 8 in Dodging
  9115 | Lair:1   | Reached skill level 7 in Fighting
  9290 | Lair:1   | Noticed an eight-headed hydra
  9318 | Lair:1   | Killed an eight-headed hydra
  9319 | Lair:1   | Reached skill level 11 in Axes
  9356 | Lair:1   | Found the +3 pair of seven-league boots {Rampage+∞}
  9539 | Lair:1   | Reached skill level 11 in Stealth
  9904 | Lair:2   | Reached skill level 8 in Armour
 10077 | Lair:2   | Reached XP level 12. HP: 109/109 MP: 12/12
 10094 | Lair:2   | Reached skill level 9 in Dodging
 10167 | Lair:2   | Reached skill level 12 in Axes
 10289 | Lair:2   | Found a hole to the Spider Nest.
 10350 | Lair:2   | Reached skill level 8 in Fighting
 11318 | Lair:3   | You add the spells Sting, Poisonous Vapours and Olgreb's
                  | Toxic Radiance to your library.
 11695 | Lair:3   | Reached skill level 12 in Stealth
 11745 | Lair:3   | Reached **** piety under Trog
 12105 | Lair:3   | Reached skill level 9 in Armour
 12212 | Lair:4   | HP: 41/168 [cane toad (13)]
 12396 | Lair:4   | Reached skill level 13 in Axes
 12441 | Lair:4   | Noticed an eight-headed hydra
 12453 | Lair:4   | Killed an eight-headed hydra
 12459 | Lair:4   | Reached skill level 10 in Dodging
 12587 | Lair:4   | Found a staircase to the Shoals.
 12725 | Lair:4   | Reached XP level 13. HP: 91/118 MP: 13/13
 12779 | Lair:4   | Gained mutation: You have sharp toenails. [potion of
                  | mutation]
 12779 | Lair:4   | Gained mutation: You are partially covered in iridescent
                  | scales. (AC +2) [potion of mutation]
 12916 | Lair:4   | You add the spells Silence, Storm Form and Necromutation to
                  | your library.
 12916 | Lair:4   | Got the Grimoire of Lethal Feathers {forbidden}
 13338 | Lair:5   | Found a staircase to the Slime Pits.
 13339 | Lair:5   | Found a viscous altar of Jiyva.
 13843 | Lair:5   | Reached skill level 13 in Stealth
 14034 | Lair:6   | Entered Level 6 of the Lair of Beasts
 14112 | Lair:6   | Reached skill level 9 in Fighting
 14141 | Lair:6   | Reached skill level 14 in Axes
 14141 | Lair:6   | Reached skill level 10 in Armour
 14173 | Lair:6   | Reached ***** piety under Trog
 14422 | Lair:6   | Reached skill level 11 in Dodging
 14901 | Lair:6   | Reached skill level 11 in Armour
 15110 | Lair:6   | Reached skill level 14 in Stealth
 15110 | Lair:6   | Gained mutation: You resist negative energy. (rN+) [Deep
                  | Dwarf growth]
 15110 | Lair:6   | Reached XP level 14. HP: 130/130 MP: 14/14
 15210 | Lair:6   | You pick up a book of Power {forbidden} and begin
                  | reading...
 15210 | Lair:6   | You add the spells Iskenderun's Battlesphere, Iron Shot and
                  | Spellforged Servitor to your library.
 15693 | D:11     | Noticed Maurice
 15713 | D:11     | Killed Maurice
 15921 | D:11     | You pick up a book of Alchemy {forbidden} and begin
                  | reading...
 15921 | D:11     | You add the spells Sublimation of Blood, Petrify and
                  | Irradiate to your library.
 15988 | D:11     | Found Mupimu Siroa's Weapon Shop.
 16293 | D:12     | Reached skill level 12 in Armour
 16303 | D:12     | Identified the +1 robe of the Powerful Slorg {rC+ MP-9
                  | Int+2}
 16313 | D:12     | Reached skill level 10 in Fighting
 16335 | D:12     | HP: 29/132 [very large slime creature (46)]
 16340 | D:12     | HP: 9/132 [large slime creature (9)]
 16531 | D:12     | You add the spells Mephitic Cloud, Spider Form and
                  | Lehudib's Crystal Spear to your library.
 16531 | D:12     | Got the Papyrus of the Virous Rocks {forbidden}
 16560 | D:12     | HP: 33/132 [skeletal warrior/+0 long sword[a skeletal
                  | warrior] (10)]
 16565 | D:12     | HP: 19/132 [skeletal warrior/+0 long sword[a skeletal
                  | warrior] (5)]
 16780 | D:12     | Found a frozen archway.
 17292 | D:13     | Reached skill level 12 in Dodging
 17552 | D:13     | You pick up a book of the Tundra {forbidden} and begin
                  | reading...
 17552 | D:13     | You add the spells Hailstorm and Ice Form to your library.
 17690 | D:13     | Reached skill level 13 in Armour
 17875 | D:13     | Identified the +1 robe of Fun and Games {rF+ rCorr}
 18122 | D:14     | Found a gate to the Vaults.
 18241 | D:14     | Reached skill level 14 in Armour
 18371 | D:14     | Reached skill level 11 in Fighting
 18393 | D:14     | Reached XP level 15. HP: 140/141 MP: 15/15
 18444 | D:14     | Received a gift from Trog
 18454 | D:14     | Reached skill level 13 in Dodging
 18454 | D:14     | t - a +1 antimagic executioner's axe {axerare=g}
 18460 | D:14     | your +1 antimagic executioner's axe {axerare=g} emits a
                  | brilliant flash of light!
 18460 | D:14     | t - a +1 vorpal executioner's axe {axerare=g}
 18754 | D:14     | Identified a scroll of acquirement
 18755 | D:14     | Acquired 974 gold pieces
 18781 | D:15     | Entered Level 15 of the Dungeon
 18891 | D:15     | Found a portal to a secret trove of treasure.
 19047 | D:15     | Noticed Agnes
 19069 | D:15     | Killed Agnes
 19092 | D:15     | Reached skill level 15 in Armour
 19093 | D:15     | Found a staircase to the Depths.
 19811 | D:15     | This trove needs 6 potions of haste to function. Give it
                  | the items?
 19819 | D:15     | You drop a +1 vorpal executioner's axe {axerare=g}.
 19833 | D:15     | t - a +1 vorpal executioner's axe {axerare=g}
 19848 | D:15     | This trove needs 6 potions of haste to function. Give it
                  | the items?
 19848 | D:15     | You paid a toll of 6 potions of haste to enter a treasure
                  | trove
 19849 | Trove    | Entered a treasure trove
 19853 | Trove    | Identified the +0 helmet "Niun" {rC+}
 19860 | Trove    | Identified the +1 cloak of Tomomol {rF++ Will-}
 19866 | Trove    | Identified the +2 helmet of Forking Paths {Will+ Regen+
                  | SInv}
 19869 | Trove    | Identified the +1 scale mail of Distant Shores {Drain rC+
                  | Slay+3}
 20167 | D:15     | b - a +1 vorpal executioner's axe {axerare=g}
 20612 | Orc:1    | Received a gift from Trog
 20631 | Orc:2    | Entered Level 2 of the Orcish Mines
 20824 | Orc:2    | Found a staircase to the Elven Halls.
 20972 | Orc:2    | Found Xongub Gili's Distillery.
 20972 | Orc:2    | Noticed Rupert
 20973 | Orc:2    | Found Modecierawi's General Store.
 20993 | Orc:2    | Reached ****** piety under Trog
 21006 | Orc:2    | HP: 26/216 [Rupert/+2 vorpal great mace (36)]
 21006 | Orc:2    | HP: 9/216 [orc warrior/+0 trident (14)]
 21008 | Orc:2    | Killed Rupert
 21009 | Orc:2    | Reached skill level 16 in Armour
 21012 | Orc:2    | Received a gift from Trog
 21024 | Orc:2    | h - a +1 executioner's axe of flaming {axerare=g}
 21115 | Orc:2    | Reached skill level 14 in Dodging
 21123 | Orc:2    | Reached skill level 12 in Fighting
 21131 | Orc:2    | Identified a +2 robe of the Archmagi
 21279 | Orc:2    | Found Tipsimud's Antique Weapon Shop.
 21279 | Orc:2    | Found Uniusol's Book Boutique.
 21279 | Orc:2    | Found a one-way gate leading to the halls of Pandemonium.
 21535 | Elf:1    | Entered Level 1 of the Elven Halls
 21549 | Elf:1    | Reached XP level 16. HP: 107/152 MP: 16/16
 21813 | Elf:1    | Found Raubbar's Weapon Boutique.
 22002 | Elf:1    | Reached skill level 17 in Armour
 22338 | Elf:1    | Identified the +11 scimitar "Beast's Curse" {vorpal, rElec
                  | rN+}
 22613 | Elf:1    | Found Metsemae's Antique Weapon Shop.
 22768 | Elf:1    | Found Erac's Antique Weapon Shop.
 22893 | Elf:2    | Noticed Roxanne
 22906 | Elf:2    | HP: 40/231 [deep elf zephyrmancer/bolt of lightning (26)]
 22908 | Elf:2    | Killed Roxanne
 22911 | Elf:2    | Reached skill level 15 in Dodging
 22921 | Elf:2    | Received a gift from Trog
 22926 | Elf:2    | Reached skill level 18 in Armour
 22941 | Elf:2    | You pick up a book of the Earth {forbidden} and begin
                  | reading...
 22941 | Elf:2    | You add the spells Leda's Liquefaction, Lee's Rapid
                  | Deconstruction and Statue Form to your library.
 22943 | Elf:2    | E - a +7 quick blade of flaming {shortrare=g}
 23157 | Elf:2    | Reached skill level 13 in Fighting
 23191 | Elf:2    | Paralysed by an air elemental for 1 turns
 23471 | Elf:2    | Found a runed translucent gate.
 23471 | Elf:2    | Found a runed translucent gate.
 23474 | Elf:2    | Found a runed translucent gate.
 23558 | Elf:2    | e - a +1 executioner's axe of flaming {axerare=g}
 23558 | Elf:2    | f - a +7 quick blade of flaming {shortrare=g}
 23583 | Elf:2    | Reached XP level 17. HP: 109/164 MP: 17/17
 23611 | Elf:2    | Received a gift from Trog
 23611 | Elf:2    | Noticed Jorgrun
 23648 | Elf:2    | Killed Jorgrun
 23757 | Elf:2    | Reached skill level 19 in Armour
 23953 | Elf:2    | R - a +2 executioner's axe of draining {axerare=g}
 23954 | Elf:2    | You drop a +1 vorpal executioner's axe {axerare=g}.
 23956 | Elf:2    | b - a +2 executioner's axe of draining {axerare=g}
 23960 | Elf:2    | Q - a +1 vorpal executioner's axe {axerare=g}
 24087 | Elf:3    | Entered Level 3 of the Elven Halls
 24117 | Elf:3    | Noticed a deep elf blademaster
 24127 | Elf:3    | Paralysed by an air elemental for 1 turns
 24131 | Elf:3    | HP: 58/246 [deep elf blademaster/+0 rapier (11)]
 24132 | Elf:3    | Paralysed by an air elemental for 1 turns
 24135 | Elf:3    | Killed a deep elf blademaster
 24137 | Elf:3    | Reached skill level 16 in Dodging
 24405 | Elf:3    | Found Zoruint's General Store.
 24439 | Elf:3    | Bought a scroll of teleportation for 48 gold pieces
 24439 | Elf:3    | Bought a potion of resistance for 160 gold pieces
 24698 | Elf:3    | Found Itarphu's Antique Weapon Shop.
 24706 | Elf:3    | Bought a dazzling lajatang for 680 gold pieces
 24706 | Elf:3    | Identified the +4 lajatang "Gocearibb" {venom, Will++ Str-5
                  | Dex+5} (You bought it in a shop on level 3 of the Elven
                  | Halls)
 24812 | Elf:3    | Found Ceoxoutu's Distillery.
 24966 | Elf:3    | Found Joq Zala's Magic Scroll Emporium.
 24973 | Elf:3    | Bought a scroll of enchant weapon for 135 gold pieces
 24973 | Elf:3    | Bought a scroll of enchant weapon for 135 gold pieces
 24973 | Elf:3    | Bought a scroll of acquirement for 936 gold pieces
 24973 | Elf:3    | Acquired the +0 pair of fencer's gloves {Riposte Dex+3}
 24973 | Elf:3    | Found the +0 pair of fencer's gloves {Riposte Dex+3}
 25022 | Elf:3    | Noticed a deep elf master archer
 25036 | Elf:3    | Noticed a deep elf blademaster
 25037 | Elf:3    | Noticed a deep elf blademaster
 25079 | Elf:3    | Killed a deep elf blademaster
 25104 | Elf:3    | HP: 21/165 [deep elf annihilator/iron shot (26)]
 25416 | Shoals:1 | Entered Level 1 of the Shoals
 25455 | Shoals:1 | your +2 executioner's axe of draining {axerare=g} is
                  | covered with a thin layer of ice!
 25455 | Shoals:1 | b - a +2 executioner's axe of freezing {axerare=g}
 25465 | Shoals:1 | HP: 33/165 [water nymph/the raging water (14)]
 25465 | Shoals:1 | HP: 5/165 [water nymph/the raging water (28)]
 25474 | Shoals:1 | HP: 55/247 [water nymph/the raging water (23)]
 25479 | Shoals:1 | HP: 53/247 [drowned by a water nymph (12)]
 25492 | Shoals:1 | HP: 38/165 [water nymph/the raging water (19)]
 25497 | Shoals:1 | HP: 36/165 [drowned by a water nymph (7)]
 25500 | Shoals:1 | HP: 14/165 [water nymph/the raging water (19)]
 25824 | Shoals:1 | Reached skill level 14 in Fighting
 25824 | Shoals:1 | Reached skill level 20 in Armour
 26123 | Shoals:1 | Found Guzipewuut's Assorted Antiques.
 26133 | Shoals:1 | Bought a scroll of enchant weapon for 232 gold pieces
 26133 | Shoals:1 | Bought a scroll of enchant weapon for 232 gold pieces
 26133 | Shoals:1 | Bought a pair of ichor-stained boots for 294 gold pieces
 26133 | Shoals:1 | Identified the +2 pair of boots "Nosoorah" {rC++ Int-4}
                  | (You bought it in a shop on level 1 of the Shoals)
 26134 | Shoals:1 | Bought a scroll of teleportation for 93 gold pieces
 27048 | Shoals:3 | You pick up a book of Blood {forbidden} and begin
                  | reading...
 27154 | Shoals:3 | Gained mutation: You passively map a large area around you.
                  | [Deep Dwarf growth]
 27154 | Shoals:3 | Reached XP level 18. HP: 153/176 MP: 17/17
 27355 | Shoals:3 | Reached skill level 17 in Dodging
 27464 | Shoals:4 | Entered Level 4 of the Shoals
 27627 | Shoals:4 | You drop a +7 quick blade of flaming {shortrare=g}.
 27628 | Shoals:4 | You drop a +1 vorpal executioner's axe {axerare=g}.
 27644 | Shoals:4 | Q - a +1 vorpal executioner's axe {axerare=g}
 27644 | Shoals:4 | f - a +7 quick blade of flaming {shortrare=g}
 27708 | Shoals:4 | Identified the ring of Vulynoty {Fly rN+ Will- Int-4 SInv}
 27710 | Shoals:4 | You drop a +7 quick blade of flaming {shortrare=g}.
 27712 | Shoals:4 | You drop a +1 vorpal executioner's axe {axerare=g}.
 27715 | Shoals:4 | Q - a +1 vorpal executioner's axe {axerare=g}
 27715 | Shoals:4 | f - a +7 quick blade of flaming {shortrare=g}
 28022 | Shoals:4 | Got a barnacled rune of Zot
 28152 | Shoals:4 | Identified the +5 arbalest "Bocluc" {flame, rF++ rCorr}
 28237 | Shoals:4 | Identified the ring of Luetuygg {rN+ rCorr}
 28289 | Shoals:4 | Received a gift from Trog
 28304 | Shoals:4 | You drop a +7 quick blade of flaming {shortrare=g}.
 28305 | Shoals:4 | You drop a +1 vorpal executioner's axe {axerare=g}.
 28306 | Shoals:4 | Q - a +1 vorpal executioner's axe {axerare=g}
 28306 | Shoals:4 | f - a +7 quick blade of flaming {shortrare=g}
 28378 | Shoals:4 | Reached skill level 21 in Armour
 28413 | Shoals:4 | You pick up a book of Vapours {forbidden} and begin
                  | reading...
 28591 | Shoals:4 | You pick up a book of Chaos {forbidden} and begin
                  | reading...
 28591 | Shoals:4 | You add the spells Conjure Ball Lightning, Disjunction and
                  | Discord to your library.
 29012 | Vaults:1 | Entered Level 1 of the Vaults
 29016 | D:14     | You drop a +7 quick blade of flaming {shortrare=g}.
 29017 | D:14     | You drop a +1 vorpal executioner's axe {axerare=g}.
 29044 | Vaults:1 | Reached skill level 18 in Dodging
 29183 | Vaults:1 | Reached skill level 15 in Fighting
 29248 | Vaults:1 | Found a crumbling gateway.
 29624 | Vaults:1 | Found Aloyzav's Jewellery Shop.
 30199 | Vaults:2 | Received a gift from Trog
 30425 | Vaults:2 | Reached XP level 19. HP: 187/187 MP: 18/18
 30565 | Vaults:2 | Reached skill level 19 in Dodging
 30651 | Vaults:2 | Noticed Nikola
 30664 | Vaults:2 | Killed Nikola
 30670 | Vaults:2 | Noticed Sojobo
 30686 | Vaults:2 | Paralysed by an air elemental for 1 turns
 30702 | Vaults:2 | Killed Sojobo
 30803 | Vaults:2 | Reached skill level 16 in Fighting
 31462 | Vaults:2 | Found Kinit's General Store.
 31600 | Vaults:3 | Identified the +6 battleaxe of an ice cave {vorpal, *Noise
                  | rN++} (Trog gifted it to you on level 3 of the Vaults)
 31600 | Vaults:3 | Received a gift from Trog
 31753 | Vaults:3 | Found Zezig's General Store.
 31808 | Vaults:3 | You pick up a book of Burglary {forbidden} and begin
                  | reading...
 31808 | Vaults:3 | You add the spells Passwall, Ensorcelled Hibernation and
                  | Swiftness to your library.
 31881 | Vaults:3 | You drop a +1 executioner's axe of flaming {axerare=g}.
 32129 | Vaults:3 | Reached skill level 20 in Dodging
 32504 | Vaults:3 | Received a gift from Trog
 32546 | Vaults:3 | Found a staircase to the Crypt.
 32870 | Vaults:4 | Reached skill level 17 in Fighting
 32870 | Vaults:4 | Reached skill level 22 in Armour
 33247 | Vaults:4 | Identified the +1 chain mail "Inkohiv" {+Inv rN++ Str-2
                  | Slay+3}
 33371 | Vaults:4 | Identified the +10 hand crossbow of Eternal Harmony
                  | {vorpal, Stlth+}
 33485 | Vaults:4 | Reached XP level 20. HP: 163/171 MP: 19/19
 33908 | Vaults:5 | Entered Level 5 of the Vaults
 33954 | Vaults:5 | Reached skill level 21 in Dodging
 34057 | Vaults:5 | Received a gift from Trog
 34093 | Vaults:5 | Reached skill level 18 in Fighting
 34120 | Vaults:5 | You pick up a book of Frost {forbidden} and begin
                  | reading...
 34120 | Vaults:5 | You add the spells Freeze and Frozen Ramparts to your
                  | library.
 34145 | Vaults:5 | You pick up a book of Scorching {forbidden} and begin
                  | reading...
 34145 | Vaults:5 | You add the spells Scorch, Flame Wave and Summon Cactus
                  | Giant to your library.
 34150 | Vaults:5 | Identified the +5 morningstar of Stickiness {flame, rF+
                  | Will- Str+3}
 34495 | Vaults:5 | Got a silver rune of Zot
 34860 | Vaults:5 | Noticed an ancient lich
 34866 | Vaults:5 | Noticed an ancient lich
 34882 | Vaults:5 | Reached skill level 22 in Dodging
 34890 | Vaults:5 | Killed an ancient lich
 34921 | Vaults:5 | Killed an ancient lich
 34924 | Vaults:5 | Reached skill level 19 in Fighting
 34935 | Vaults:5 | Reached XP level 21. HP: 84/216 MP: 20/20
 34941 | Vaults:5 | HP: 54/216 [sphinx/divine providence (11)]
 34963 | Vaults:5 | You pick up a book of Scorching {forbidden} and begin
                  | reading...
 35071 | Vaults:5 | +0 shadow dragon scales {rare}; a shadow dragon corpse
 35242 | Vaults:5 | You pick up a book of Weapons {forbidden} and begin
                  | reading...
 35242 | Vaults:5 | You add the spells Portal Projectile, Excruciating Wounds
                  | and Blade Hands to your library.
 35278 | Vaults:5 | HP: 60/325 [fire giant/fireball (36)]
 35283 | Vaults:5 | Identified the +2 cloak of Gestures {rF++ rN++ SInv}
 35405 | Vaults:5 | Identified the +2 robe "Xeifuly" {Dex+7}
 35424 | Vaults:5 | You add the spells Pain, Stone Arrow and Death Channel to
                  | your library.
 35424 | Vaults:5 | Got the Grimoire of Twisted Clay {forbidden}
 35428 | Vaults:5 | You pick up a book of Maledictions {forbidden} and begin
                  | reading...
 35428 | Vaults:5 | You add the spells Tukima's Dance, Anguish and Enfeeble to
                  | your library.
 35526 | Vaults:5 | Identified the +7 flail of Cegaomp {vorpal, rN++ MP+9}
 35541 | Vaults:5 | HP: 54/217 [shadow dragon (5)]
 35691 | Vaults:5 | HP: 46/217 [vault sentinel/+0 glaive of venom (9)]
 36279 | D:13     | HP: 50/217 [seven-headed hydra (6)]
 36550 | Elf:3    | Found Vaeneg's Armour Shoppe.
 36584 | Elf:3    | Received a gift from Trog
 37345 | Elf:3    | Reached skill level 20 in Fighting
 38102 | Elf:3    | Identified the +4 ring mail of Absolutism {rPois rF+ rC+
                  | Int+2}
 38106 | Elf:3    | You pick up a book of Maledictions {forbidden} and begin
                  | reading...
 38340 | Elf:3    | Identified the +3 spear of Esayrchax {vorpal, rF++ Stlth+}
 38350 | Elf:3    | You drop a +2 executioner's axe of freezing {axerare=g}.
 38362 | Elf:3    | Identified the ring "Mewnur" {rC+ rCorr}
 38390 | Elf:3    | You add the spells Passage of Golubria and Yara's Violent
                  | Unravelling to your library.
 38399 | Elf:3    | You add the spells Magic Dart, Searing Ray, Conjure Flame
                  | and Starburst to your library.
 38399 | Elf:3    | Got Rumeh's Grimoire of Harmful Flight {forbidden}
 38465 | Elf:3    | You add the spells Borgnjor's Vile Clutch and Shatter to
                  | your library.
 38465 | Elf:3    | Got the Guide on Earth {forbidden}
 38468 | Elf:3    | Identified the +7 scimitar "Vati" {vorpal, Stlth+}
 38493 | Elf:3    | You pick up a book of Party Tricks {forbidden} and begin
                  | reading...
 38495 | Elf:3    | You add the spells Shock, Maxwell's Capacitive Coupling and
                  | Chain Lightning to your library.
 38495 | Elf:3    | Got the Compendium of Air {forbidden}
 38498 | Elf:3    | Identified the +7 war axe of Niussad {drain, rPois Int+6
                  | Dex+2 Stlth+}
 38502 | Elf:3    | Identified the ring "Awkuset" {Drain Fly Str+2 Dex+4}
 38522 | Elf:3    | You pick up a book of the Moon {forbidden} and begin
                  | reading...
 38890 | Spider:1 | Entered Level 1 of the Spider Nest
 39278 | Elf:3    | h - a +2 executioner's axe of freezing {axerare=g}
 39279 | Elf:3    | You drop a +2 executioner's axe of freezing {axerare=g}.
 40794 | Spider:2 | Reached skill level 21 in Fighting
 40797 | Spider:2 | You pick up a book of Storms {forbidden} and begin
                  | reading...
 40797 | Spider:2 | You add the spells Airstrike, Summon Lightning Spire and
                  | Lightning Bolt to your library.
 41186 | Spider:3 | You pick up a book of Death {forbidden} and begin
                  | reading...
 41186 | Spider:3 | You add the spells Animate Dead, Haunt and Infestation to
                  | your library.
 41276 | Spider:3 | Gained mutation: Your flesh is heat resistant. (rF+)
                  | [mutagenic glow]
 42033 | Spider:4 | Entered Level 4 of the Spider Nest
 42547 | Spider:4 | Received a gift from Trog
 42597 | Spider:4 | Found the +2 hood of the Assassin {Detection Stab+ Stlth++}
 42746 | Spider:4 | Got a gossamer rune of Zot
 43168 | Spider:2 | Reached skill level 22 in Fighting
 43911 | Depths:1 | Entered Level 1 of the Depths
 43929 | Depths:1 | Reached XP level 22. HP: 225/235 MP: 21/21
 43983 | Depths:1 | Reached skill level 15 in Stealth
 44097 | Depths:1 | Found a corrupted altar of Lugonu.
 44129 | Depths:1 | HP: 33/235 [disintegration (57)]
 44140 | Depths:1 | HP: 58/235 [something (7)]
 44145 | Depths:1 | Found a gateway to Hell.
 44157 | Depths:1 | HP: 50/235 [ice dragon (8)]
 44221 | Depths:1 | Found a one-way gateway to a ziggurat.
 44253 | Depths:1 | You pick up a book of Debilitation {forbidden} and begin
                  | reading...
 44253 | Depths:1 | You add the spells Slow, Vampiric Draining and Confusing
                  | Touch to your library.
 44279 | Depths:1 | HP: 52/235 [ettin/+0 dire flail (11)]
 44296 | Depths:1 | HP: 57/235 [ogre mage/+0 halberd (2)]
 44304 | Depths:1 | Reached skill level 16 in Stealth
 44325 | Depths:1 | You add the spells Dazzling Flash, Summon Guardian Golem
                  | and Cause Fear to your library.
 44325 | Depths:1 | Got Sif Muna's Compendium of Hexes {forbidden}
 44789 | Depths:2 | Found a radiant altar of Vehumet.
 44893 | Depths:2 | Reached skill level 17 in Stealth
 44951 | Depths:2 | Found Fupn's Antique Weapon Shoppe.
 45012 | Depths:2 | Received a gift from Trog
 45203 | Depths:2 | Reached skill level 18 in Stealth
 45232 | Depths:2 | HP: 76/352 [spriggan defender/+0 rapier of electrocution
                  | (13)]
 45247 | Depths:2 | HP: 83/352 [living spell/divine providence[a walking divine
                  | tome] (7)]
 45253 | Depths:2 | HP: 35/235 [spriggan air mage/the air[a spriggan defender]
                  | (14)]
 45257 | Depths:2 | HP: 8/235 [spriggan air mage/bolt of lightning[a spriggan
                  | defender] (33)]
 45268 | Depths:2 | HP: 50/235 [spriggan air mage/bolt of lightning[a spriggan
                  | defender] (13)]
 45299 | Depths:1 | Upgraded the game from 0.29-a0-344-ge2f44be95a to
                  | 0.29-a0-350-g7790a0e70a
 45299 | Depths:1 | magus.rc [v1.9.6]
 45638 | Depths:2 | Noticed Bai Suzhen
 45666 | Depths:2 | Killed Bai Suzhen
 45865 | Depths:2 | Received a gift from Trog
 45939 | Depths:2 | Reached skill level 23 in Fighting
 46822 | Depths:3 | Received a gift from Trog
 46823 | Depths:3 | Reached XP level 23. HP: 231/243 MP: 22/22
 46870 | Depths:3 | Identified the +7 dagger of Okawaru's Displeasure {flame,
                  | rN+}
 47089 | D:14     | a +1 vorpal executioner's axe {axerare=g}; a +7 quick blade
                  | of flaming {shortrare=g}
 47225 | Vaults:5 | Acquired a manual of Shields
 47252 | Vaults:5 | Reached skill level 1 in Shields
 47589 | Depths:3 | Reached skill level 2 in Shields
 47590 | Depths:3 | +0 storm dragon scales {rare}; a storm dragon corpse
 47614 | Depths:3 | Reached skill level 3 in Shields
 47747 | Depths:3 | Reached skill level 4 in Shields
 47795 | Depths:3 | Reached skill level 5 in Shields
 48038 | Depths:3 | Reached skill level 6 in Shields
 48066 | Depths:3 | Noticed a caustic shrike
 48078 | Depths:3 | Killed a caustic shrike
 48091 | Depths:3 | Noticed Saint Roka
 48131 | Depths:3 | Killed Saint Roka
 48132 | Depths:3 | Reached skill level 7 in Shields
 48197 | Depths:3 | You pick up a book of Air {forbidden} and begin reading...
 48575 | Depths:4 | Entered Level 4 of the Depths
 48671 | Depths:4 | Found a gate to the Realm of Zot.
 48687 | Depths:4 | Reached skill level 8 in Shields
 48690 | Depths:4 | Reached skill level 19 in Stealth
 48814 | Depths:4 | Reached skill level 9 in Shields
 48815 | Depths:4 | Y - a +0 triple sword {longrare=g}
 48960 | Depths:4 | Received a gift from Trog
 48965 | Depths:4 | Reached skill level 10 in Shields
 49000 | Depths:4 | Reached skill level 11 in Shields
 49041 | Depths:4 | Found Ehocuuxydgh's Book Emporium.
 49101 | Depths:4 | Found a basalt altar of Yredelemnul.
 49448 | Depths:4 | You pick up a book of Displacement {forbidden} and begin
                  | reading...
 49448 | Depths:4 | You add the spells Lesser Beckoning, Gell's Gravitas and
                  | Teleport Other to your library.
 49471 | Depths:4 | Paralysed by a floating eye for 4 turns
 49484 | Depths:4 | Reached skill level 20 in Stealth
 49547 | Depths:4 | Found a glowing golden altar of the Shining One.
 49547 | Depths:4 | Found a white marble altar of Elyvilon.
 49547 | Depths:4 | Found a glowing silver altar of Zin.
 49608 | Zot:1    | Entered Level 1 of the Realm of Zot
 49642 | Zot:1    | Reached skill level 12 in Shields
 49644 | Zot:1    | +0 shadow dragon scales {rare}; a shadow dragon corpse
 49689 | Zot:1    | a purple draconian comes into view. It is wielding the +8
                  | whip "Snakebite" {venom, curare, rPois}.
 49760 | Zot:1    | Found the +4 dragonskin cloak
 49760 | Zot:1    | Tiamat, Avatar of the Dragonlord comes into view. She is
                  | wielding a +3 demon trident of flaming and wearing the +4
                  | dragonskin cloak.
 49760 | Zot:1    | Noticed Tiamat
 49797 | Zot:1    | Aim: Tiamat, wielding a +3 demon trident of flaming and
                  | wearing the +4 dragonskin cloak (heavily wounded, catching
                  | her breath, ally target)
 49797 | Zot:1    | Aim: Tiamat, wielding a +3 demon trident of flaming and
                  | wearing the +4 dragonskin cloak (heavily wounded, catching
                  | her breath, ally target)
 49797 | Zot:1    | Aim: Tiamat, wielding a +3 demon trident of flaming and
                  | wearing the +4 dragonskin cloak (heavily wounded, catching
                  | her breath, ally target)
 49804 | Zot:1    | Here: Tiamat, wielding a +3 demon trident of flaming and
                  | wearing the +4 dragonskin cloak (heavily wounded, not
                  | watching you, ally target)
 49804 | Zot:1    | HP: 41/249 [Tiamat/blast of cold (72)]
 49810 | Zot:1    | Reached skill level 13 in Shields
 49824 | Zot:1    | HP: 55/249 [poisoned by a green draconian monk (poison
                  | gas)]
 49827 | Zot:1    | Aim: Tiamat, wielding a +3 demon trident of flaming and
                  | wearing the +4 dragonskin cloak (heavily wounded)
 49834 | Zot:1    | Here: Tiamat, wielding a +3 demon trident of flaming and
                  | wearing the +4 dragonskin cloak (heavily wounded)
 49834 | Zot:1    | Here: Tiamat, wielding a +3 demon trident of flaming and
                  | wearing the +4 dragonskin cloak (heavily wounded)
 49843 | Zot:1    | Aim: Tiamat, wielding a +3 demon trident of flaming and
                  | wearing the +4 dragonskin cloak (severely wounded, not
                  | watching you, catching her breath, ally target)
 49843 | Zot:1    | Aim: Tiamat, wielding a +3 demon trident of flaming and
                  | wearing the +4 dragonskin cloak (severely wounded, not
                  | watching you, catching her breath, ally target)
 49845 | Zot:1    | Here: Tiamat, wielding a +3 demon trident of flaming and
                  | wearing the +4 dragonskin cloak (severely wounded)
 49856 | Zot:1    | Killed Tiamat
 49903 | Zot:1    | +0 shadow dragon scales {rare}; a shadow dragon skeleton
 49906 | Zot:1    | Noticed an electric golem
 49934 | Zot:1    | Killed an electric golem
 49961 | Depths:4 | >>Careful
 49961 | Depths:4 | magus.rc [v1.9.6]
 49961 | Depths:4 | magus.rc [v1.9.6]
 49995 | Zot:2    | HP: 48/249 [black draconian knight/shard of ice (48)]
 50001 | Zot:2    | HP: 61/373 [black draconian knight/+0 halberd (18)]
 50036 | Zot:2    | Reached skill level 21 in Stealth
 50066 | Zot:2    | +0 shadow dragon scales {rare}; a shadow dragon corpse
 50095 | Zot:2    | Reached skill level 14 in Shields
 50356 | Zot:1    | Reached XP level 24. HP: 259/259 MP: 22/22
 50815 | Zot:1    | +0 shadow dragon scales {rare}; a shadow dragon corpse
 51072 | Zot:2    | +0 shadow dragon scales {rare}; a shadow dragon skeleton
 51084 | Zot:2    | quicksilver dragon scales {rare}; a quicksilver dragon
                  | skeleton
 51237 | Zot:2    | Noticed a curse toe
 51238 | Zot:2    | Noticed Vuynal's ghost (legendary GrHu)
 51244 | Zot:2    | Found a transporter.
 51330 | Zot:2    | Noticed Vv
 51351 | Zot:2    | Killed Vv
 51630 | Zot:2    | Reached skill level 22 in Stealth
 51630 | Zot:2    | Reached skill level 15 in Shields
 51662 | Zot:2    | Found a transporter.
 51776 | Zot:2    | Noticed an orb of fire
 51781 | Zot:2    | HP: 59/259 [orb of fire/fireball (26)]
 51795 | Zot:2    | Gained mutation: Your magical capacity is low. (-10% MP)
                  | [an orb of fire]
 51797 | Zot:2    | HP: 86/388 [orb of fire/fireball (19)]
 51798 | Zot:2    | Gained mutation: You occasionally shout uncontrollably at
                  | your foes. [an orb of fire]
 51801 | Zot:2    | Killed an orb of fire
 52256 | Zot:3    | Reached skill level 24 in Fighting
 52277 | Zot:3    | You add the spells Ozocubu's Refrigeration and Ignition to
                  | your library.
 52388 | Zot:3    | Noticed a curse toe
 52407 | Zot:3    | Killed a curse toe
 52499 | Zot:3    | Noticed an electric golem
 52519 | Zot:3    | Killed an electric golem
 53080 | Zot:4    | +0 storm dragon scales {rare}; a storm dragon corpse
 53093 | Zot:4    | +0 storm dragon scales {rare}; a storm dragon corpse
 53156 | Zot:4    | Identified a +0 crystal plate armour
 53265 | Zot:4    | Could not pick up a +0 crystal plate armour {rare=g} here;
                  | ([A]lways) ignore it?
 53265 | Zot:4    | Could not pick up a +0 crystal plate armour {rare=g} here;
                  | ([A]lways) ignore it?
 53265 | Zot:4    | Could not pick up a +0 crystal plate armour {rare=g} here;
                  | ([A]lways) ignore it?
 53265 | Zot:4    | Could not pick up a +0 crystal plate armour {rare=g} here;
                  | ([A]lways) ignore it?
 53265 | Zot:4    | Could not pick up a +0 crystal plate armour {rare=g} here;
                  | ([A]lways) ignore it?
 53265 | Zot:4    | Could not pick up a +0 crystal plate armour {rare=g} here;
                  | ([A]lways) ignore it?
 53265 | Zot:4    | Could not pick up a +0 crystal plate armour {rare=g} here;
                  | ([A]lways) ignore it?
 53293 | Zot:4    | You drop a +0 triple sword {longrare=g}.
 53465 | Zot:4    | Noticed an orb of fire
 53486 | Zot:4    | Gained mutation: Your body sometimes deteriorates upon
                  | taking damage. [an orb of fire]
 53489 | Zot:4    | Killed an orb of fire
 53697 | Zot:4    | Y - a +0 crystal plate armour {rare=g}
 53698 | Zot:4    | your +0 crystal plate armour {rare=g} glows green for a
                  | moment.
 53699 | Zot:4    | your +1 crystal plate armour {rare=g} glows green for a
                  | moment.
 53700 | Zot:4    | your +2 crystal plate armour {rare=g} glows green for a
                  | moment.
 53701 | Zot:4    | your +3 crystal plate armour {rare=g} glows green for a
                  | moment.
 53702 | Zot:4    | your +4 crystal plate armour {rare=g} glows green for a
                  | moment.
 53703 | Zot:4    | your +5 crystal plate armour {rare=g} glows green for a
                  | moment.
 53704 | Zot:4    | your +6 crystal plate armour {rare=g} glows green for a
                  | moment.
 53705 | Zot:4    | your +7 crystal plate armour {rare=g} glows green for a
                  | moment.
 53706 | Zot:4    | your +8 crystal plate armour {rare=g} glows green for a
                  | moment.
 53707 | Zot:4    | your +9 crystal plate armour {rare=g} glows green for a
                  | moment.
 53708 | Zot:4    | your +10 crystal plate armour {rare=g} glows green for a
                  | moment.
 53719 | Zot:4    | You finish putting on your +11 crystal plate armour
                  | {rare=g}.
 53741 | Zot:5    | Entered Level 5 of the Realm of Zot
 53760 | Zot:5    | +0 shadow dragon scales {rare}; a shadow dragon corpse
 53761 | Zot:5    | Acquired 885 gold pieces
 53815 | Zot:5    | Noticed a Killer Klown
 53843 | Zot:5    | Killed a Killer Klown
 53951 | Zot:5    | your +11 crystal plate armour {rare=g} glows green for a
                  | moment.
 54121 | Zot:5    | Reached skill level 15 in Axes
 54627 | D:8      | Found a runed translucent door.
 54650 | D:8      | Found a runed translucent gate.
 54650 | D:8      | Found a runed translucent gate.
 54651 | D:8      | Found a runed translucent gate.
 54651 | D:8      | Found a runed translucent gate.
 54651 | D:8      | Found a runed translucent gate.
 54653 | D:8      | Found a runed translucent gate.
 54941 | Slime:1  | Entered Level 1 of the Pits of Slime
 55027 | Slime:1  | Reached skill level 16 in Axes
 55244 | Slime:4  | Reached skill level 17 in Axes
 55298 | Slime:5  | Entered Level 5 of the Pits of Slime
 55322 | Slime:5  | Reached XP level 25. HP: 270/270 MP: 19/19
 55345 | Slime:5  | Noticed the Royal Jelly
 55516 | Slime:5  | Killed the Royal Jelly
 55533 | Slime:5  | Reached skill level 18 in Axes
 55661 | Slime:5  | Found the +3 pair of gauntlets of War {Slay+5}
 55674 | Slime:5  | Found the +1 robe of Vines {NoPotionHeal Regen++++}
 55698 | Slime:5  | You pick up a book of Maledictions {forbidden} and begin
                  | reading...
 55703 | Slime:5  | You pick up a book of Annihilations {forbidden} and begin
                  | reading...
 55719 | Slime:5  | Identified the +5 spear of Conscience {protect, Str-4 Int+6
                  | Dex+4}
 55725 | Slime:5  | Identified the +5 ring mail of Slovenliness {Will+ Str+6}
 55730 | Slime:5  | You pick up a book of Alchemy {forbidden} and begin
                  | reading...
 55737 | Slime:5  | Identified the +1 leather armour of Supple Strength
                  | {*Corrode Dex+5}
 55739 | Slime:5  | Identified the +0 scale mail of Toqop {+Blink rF- Dex+7}
 55789 | Slime:5  | You pick up a book of Minor Magic {forbidden} and begin
                  | reading...
 55810 | Slime:5  | You pick up a book of Alchemy {forbidden} and begin
                  | reading...
 55811 | Slime:5  | Identified the ring of Cupud {EV+4 Str+3}
 55816 | Slime:5  | Got a slimy rune of Zot
 55819 | Slime:5  | Got Jivor's Collected Works on Floating Ice {forbidden}
 56275 | Slime:4  | Received a gift from Trog
 56282 | Slime:4  | Reached skill level 25 in Fighting
 56318 | Slime:3  | Gained mutation: You are clumsy. (Dex -2) [a shining eye]
 56326 | Slime:3  | Gained mutation: Your magical capacity is very low. (-20%
                  | MP) [a shining eye]
 57874 | Elf:3    | h - a +2 executioner's axe of freezing {axerare=g}
 58254 | Crypt:1  | Entered Level 1 of the Crypt
 58348 | Crypt:1  | Noticed an ancient lich
 58357 | Crypt:1  | Killed an ancient lich
 58413 | Crypt:1  | Found a runed translucent gate.
 58414 | Crypt:1  | Found a runed translucent gate.
 58414 | Crypt:1  | Found a runed translucent gate.
 58415 | Crypt:1  | Noticed Jetyrhek's ghost (veteran GrEE)
 58416 | Crypt:1  | Noticed a curse skull
 58444 | Crypt:1  | Killed Jetyrhek's ghost
 58452 | Crypt:1  | Killed a curse skull
 58471 | Crypt:1  | Received a gift from Trog
 58564 | Crypt:1  | Reached skill level 26 in Fighting
 58674 | Crypt:1  | Noticed Zenata
 58701 | Crypt:1  | HP: 67/276 [+4 halberd of freezing[Zenata] (6)]
 58705 | Crypt:1  | Killed Zenata
 58707 | Crypt:1  | P - a +2 triple sword {longrare=g}
 58909 | Crypt:1  | HP: 67/276 [vampire knight/+2 vorpal bardiche (11)]
 59190 | Crypt:2  | Noticed Khufu
 59190 | Crypt:2  | Noticed a royal mummy
 59190 | Crypt:2  | Noticed a royal mummy
 59208 | Crypt:2  | Killed a royal mummy
 59214 | Crypt:3  | Entered Level 3 of the Crypt
 59228 | Crypt:2  | HP: 89/412 [???[Khufu] (54)]
 59233 | Crypt:2  | HP: 51/412 [??? (24)]
 59240 | Crypt:2  | Killed Khufu
 59240 | Crypt:2  | HP: 26/414 [something (7)]
 59243 | Crypt:2  | Killed a royal mummy
 59243 | Crypt:2  | HP: 6/417 [something (20)]
 59248 | Crypt:2  | HP: 17/278 [shard shrike skeleton (4)]
 59446 | Crypt:2  | Received a gift from Trog
 59863 | Crypt:2  | Noticed Xtahua
 59885 | Crypt:2  | Killed Xtahua
 59886 | Crypt:2  | Reached skill level 27 in Fighting
 60172 | Crypt:3  | Reached XP level 26. HP: 210/290 MP: 17/17
 60202 | Crypt:3  | Identified the +6 scale mail "Bohuitsa" {Rampage *Slow
                  | Str+2 Dex+7}
 60488 | D:14     | a +1 vorpal executioner's axe {axerare=g}; a +7 quick blade
                  | of flaming {shortrare=g}
 60490 | D:14     | a +1 vorpal executioner's axe {axerare=g}; a +7 quick blade
                  | of flaming {shortrare=g}
 60493 | D:14     | your +12 crystal plate armour {rare=g} glows green for a
                  | moment.
 60497 | D:14     | V - a +1 vorpal executioner's axe {axerare=g}
 60498 | D:14     | You drop a +2 executioner's axe of freezing {axerare=g}.
 60500 | D:14     | You drop a +2 triple sword {longrare=g}.
 60501 | D:14     | You drop a +1 vorpal executioner's axe {axerare=g}.
 60913 | Orc:2    | Bought a scroll of enchant armour for 120 gold pieces
 60913 | Orc:2    | your +13 crystal plate armour {rare=g} glows green for a
                  | moment.
 60916 | Orc:2    | Bought a potion of magic for 112 gold pieces
 60916 | Orc:2    | Bought a potion of curing for 42 gold pieces
 60916 | Orc:2    | Bought a potion of heal wounds for 70 gold pieces
 60916 | Orc:2    | Bought a potion of curing for 42 gold pieces
 60916 | Orc:2    | Bought a potion of mutation for 112 gold pieces
 60916 | Orc:2    | Bought a potion of curing for 42 gold pieces
 61256 | D:6      | Found a staircase to the Ecumenical Temple.
 61508 | D:6      | Identified the +4 leather armour of the Other World {rC-
                  | rN+++ Regen+ Str-5}
 61883 | Temple   | Entered the Ecumenical Temple
 62095 | D:3      | Killed Laraso's ghost
 62143 | D:3      | Voluntarily entered the Abyss.
 62321 | Abyss:1  | Gained mutation: You are weak. (Str -2) [a neqoxec]
 62341 | Abyss:1  | Gained mutation: You are very weak. (Str -4) [a neqoxec]
 62343 | Abyss:1  | Gained mutation: You are very clumsy. (Dex -4) [a neqoxec]
 62355 | Abyss:1  | Gained mutation: You have hidden genetic defects. [a
                  | neqoxec]
 63094 | Abyss:2  | Found a corrupted altar of Lugonu.
 63241 | Abyss:2  | Found a corrupted altar of Lugonu.
 63312 | Abyss:2  | Found a corrupted altar of Lugonu.
 63362 | Abyss:2  | Gained mutation: Armour fits poorly on your strangely
                  | shaped body. [a neqoxec]
 63380 | Abyss:2  | Gained mutation: You sometimes lose the ability to read
                  | scrolls when taking damage. [a neqoxec]
 63599 | Abyss:4  | Found a corrupted altar of Lugonu.
 63855 | Abyss:5  | Entered Level 5 of the Abyss
 63876 | Abyss:5  | Found a shimmering altar of Xom.
 63882 | Abyss:5  | Found a shimmering altar of Xom.
 63882 | Abyss:5  | Found a shimmering altar of Xom.
 63912 | Abyss:5  | Found a corrupted altar of Lugonu.
 64025 | Abyss:5  | Identified the ring of Ejabufec {rF+ rN++ Stlth-}
 64028 | Abyss:5  | Paralysed by accursed screaming for 1 turns
 64299 | Abyss:5  | Paralysed by accursed screaming for 2 turns
 64311 | Abyss:5  | Paralysed by accursed screaming for 2 turns
 64332 | Abyss:5  | Noticed a dread lich
 64339 | Abyss:5  | HP: 101/430 [???[a dread lich] (62)]
 64343 | Abyss:5  | Killed a dread lich
 64359 | Abyss:5  | HP: 67/287 [profane servitor/+3 whip of electrocution (6)]
 64366 | Abyss:5  | HP: 66/287 [profane servitor/+3 whip of electrocution (12)]
 64366 | Abyss:5  | Lost mutation: You have sharp toenails. [a neqoxec]
 64378 | Abyss:5  | HP: 55/287 [large abomination (4)]
 64819 | D:3      | You pass through the gate.
 64819 | D:3      | Escaped the Abyss
 64838 | D:3      | Lost mutation: Your body sometimes deteriorates upon taking
                  | damage. [potion of mutation]
 64838 | D:3      | Lost mutation: You occasionally shout uncontrollably at
                  | your foes. [potion of mutation]
 64839 | D:3      | Lost mutation: Your flesh is heat resistant. (rF+) [potion
                  | of mutation]
 64839 | D:3      | Lost mutation: Your magical capacity is very low. (-20% MP)
                  | [potion of mutation]
 64840 | D:3      | Lost mutation: You are very clumsy. (Dex -4) [potion of
                  | mutation]
 64840 | D:3      | Lost mutation: You have hidden genetic defects. [potion of
                  | mutation]
 64840 | D:3      | Lost mutation: You are clumsy. (Dex -2) [potion of
                  | mutation]
 64840 | D:3      | Gained mutation: You are agile. (Dex +2) [potion of
                  | mutation]
 64841 | D:3      | Lost mutation: You are partially covered in iridescent
                  | scales. (AC +2) [potion of mutation]
 64841 | D:3      | Lost mutation: Armour fits poorly on your strangely shaped
                  | body. [potion of mutation]
 64841 | D:3      | Lost mutation: You are very weak. (Str -4) [potion of
                  | mutation]
 64841 | D:3      | Gained mutation: You are robust. (+10% HP) [potion of
                  | mutation]
 64842 | D:3      | Lost mutation: You sometimes lose the ability to read
                  | scrolls when taking damage. [potion of mutation]
 64842 | D:3      | Lost mutation: You are robust. (+10% HP) [potion of
                  | mutation]
 64842 | D:3      | Gained mutation: Your flesh is heat resistant. (rF+)
                  | [potion of mutation]
 64842 | D:3      | Gained mutation: You are somewhat resistant to further
                  | mutation. [potion of mutation]
 64843 | D:3      | Lost mutation: You are weak. (Str -2) [potion of mutation]
 64843 | D:3      | Lost mutation: You are agile. (Dex +2) [potion of mutation]
 64852 | D:3      | magus.rc [v1.9.6]
 64852 | D:3      | magus.rc [v1.9.6]
 64955 | D:8      | >>This is where I splat
 66074 | D:14     | V - a +1 vorpal executioner's axe {axerare=g}
 66074 | D:14     | g - a +2 triple sword {longrare=g}
 66074 | D:14     | h - a +2 executioner's axe of freezing {axerare=g}
 66074 | D:14     | m - a +7 quick blade of flaming {shortrare=g}
 66078 | D:14     | You drop a +2 triple sword {longrare=g}.
 66079 | D:14     | You drop a +7 quick blade of flaming {shortrare=g}.
 66081 | D:14     | You drop a +1 vorpal executioner's axe {axerare=g}.
 66088 | D:14     | Reached skill level 1 in Throwing
 66328 | D:3      | your +2 executioner's axe of freezing {axerare=g} projects
                  | an invisible shield of force!
 66328 | D:3      | h - a +2 executioner's axe of protection {axerare=g}
 66329 | D:3      | You drop a +2 executioner's axe of protection {axerare=g}.
 66331 | D:3      | >>here we go time to die
 66331 | D:3      | Fell from the grace of Trog
 66331 | D:3      | Became a worshipper of Makhleb the Destroyer
 66333 | D:3      | h - a +2 executioner's axe of protection {axerare=g}
 69050 | D:15     | You drop a +2 executioner's axe of protection {axerare=g}.
 69276 | Crypt:3  | Reached skill level 2 in Throwing
 69302 | Crypt:3  | Found a basalt altar of Yredelemnul.
 69311 | Crypt:3  | Reached skill level 3 in Throwing
 69408 | Crypt:3  | Reached skill level 4 in Throwing
 69480 | Crypt:3  | Reached skill level 5 in Throwing
 69497 | Crypt:3  | Found a staircase to the Tomb.
 69508 | Crypt:3  | Reached skill level 6 in Throwing
 69919 | Crypt:3  | Reached skill level 7 in Throwing
 69968 | Crypt:3  | Reached * piety under Makhleb
 70026 | Crypt:3  | Reached skill level 8 in Throwing
 70030 | Crypt:3  | Reached skill level 1 in Transmutations
 70033 | Crypt:3  | Learned a level 2 spell: Wereblood
 70063 | Crypt:3  | Noticed Jory
 70073 | Crypt:3  | Reached skill level 2 in Transmutations
 70084 | Crypt:3  | Killed Jory
 70097 | Crypt:3  | Identified the +7 falchion of Doom {venom, Dex+4}
 70111 | Crypt:3  | Got the Disquisition on Earth and Darkness
 70126 | Crypt:3  | Could not pick up a +2 executioner's axe of draining
                  | {axerare=g} here; ([A]lways) ignore it?
 70126 | Crypt:3  | Could not pick up a +2 executioner's axe of draining
                  | {axerare=g} here; ([A]lways) ignore it?
 70133 | Crypt:3  | Learned a level 5 spell: Silence
 70137 | Crypt:3  | Learned a level 3 spell: Swiftness
 70138 | Crypt:3  | Could not pick up a +2 executioner's axe of draining
                  | {axerare=g} here; ([A]lways) ignore it?
 70138 | Crypt:3  | Could not pick up a +2 executioner's axe of draining
                  | {axerare=g} here; ([A]lways) ignore it?
 70138 | Crypt:3  | Could not pick up a +2 executioner's axe of draining
                  | {axerare=g} here; ([A]lways) ignore it?
 70138 | Crypt:3  | Could not pick up a +2 executioner's axe of draining
                  | {axerare=g} here; ([A]lways) ignore it?
 70138 | Crypt:3  | Could not pick up a +2 executioner's axe of draining
                  | {axerare=g} here; ([A]lways) ignore it?
 70138 | Crypt:3  | Could not pick up a +2 executioner's axe of draining
                  | {axerare=g} here; ([A]lways) ignore it?
 70138 | Crypt:3  | Could not pick up a +2 executioner's axe of draining
                  | {axerare=g} here; ([A]lways) ignore it?
 70138 | Crypt:3  | Could not pick up a +2 executioner's axe of draining
                  | {axerare=g} here; ([A]lways) ignore it?
 70138 | Crypt:3  | Could not pick up a +2 executioner's axe of draining
                  | {axerare=g} here; ([A]lways) ignore it?
 70138 | Crypt:3  | Could not pick up a +2 executioner's axe of draining
                  | {axerare=g} here; ([A]lways) ignore it?
 70187 | Crypt:3  | Reached skill level 3 in Transmutations
 70236 | Crypt:3  | Reached ** piety under Makhleb
 70237 | Crypt:3  | Reached skill level 4 in Transmutations
 70432 | Tomb:1   | Entered Level 1 of the Tomb of the Ancients
 70442 | Tomb:1   | Reached skill level 1 in Invocations
 70448 | Tomb:1   | Reached skill level 2 in Invocations
 70454 | Tomb:1   | Reached skill level 3 in Invocations
 70479 | Tomb:1   | Identified the +6 hand axe of Tumult {vorpal, rElec rPois
                  | rF++ rCorr}
 70606 | Tomb:1   | Reached skill level 4 in Invocations
 70701 | Tomb:1   | Reached skill level 5 in Invocations
 70726 | Tomb:1   | HP: 59/290 [??? (25)]
 71013 | Tomb:1   | Reached skill level 5 in Transmutations
 71049 | Tomb:1   | Reached skill level 6 in Invocations
 71052 | Tomb:1   | Reached *** piety under Makhleb
 71065 | Tomb:1   | Noticed a royal mummy
 71080 | Tomb:1   | HP: 54/290 [??? (22)]
 71837 | Tomb:1   | Killed a royal mummy
 71906 | Tomb:1   | Learned a level 6 spell: Statue Form
 72213 | D:15     | n - a +2 executioner's axe of protection {axerare=g}
 72544 | Tomb:1   | You drop a +2 executioner's axe of protection {axerare=g}.
 72555 | Tomb:2   | Noticed a royal mummy
 72557 | Tomb:2   | Noticed a royal mummy
 72564 | Tomb:2   | Noticed a royal mummy
 72566 | Tomb:2   | Noticed a royal mummy
 72567 | Tomb:2   | your +14 crystal plate armour {rare=g} melds into your
                  | body.
 72570 | Tomb:2   | Noticed a royal mummy
 72573 | Tomb:2   | Reached skill level 7 in Invocations
 72577 | Tomb:2   | HP: 107/435 [spore (8)]
 72577 | Tomb:2   | Killed a royal mummy
 72577 | Tomb:2   | Killed a royal mummy
 72578 | Tomb:2   | Reached skill level 8 in Invocations
 72579 | Tomb:2   | Killed a royal mummy
 72579 | Tomb:2   | Killed a royal mummy
 72580 | Tomb:2   | Reached skill level 6 in Transmutations
 72580 | Tomb:2   | Reached skill level 9 in Invocations
 72583 | Tomb:2   | Killed a royal mummy
 72596 | Tomb:2   | your +14 crystal plate armour {rare=g} unmelds from your
                  | body.
 72605 | Tomb:2   | Reached **** piety under Makhleb
 72990 | Tomb:1   | Noticed a royal mummy
 72990 | Tomb:1   | Noticed a royal mummy
 72992 | Tomb:1   | Noticed a royal mummy
 72994 | Tomb:1   | your +14 crystal plate armour {rare=g} melds into your
                  | body.
 73000 | Tomb:1   | Noticed a royal mummy
 73005 | Tomb:1   | Killed a royal mummy
 73007 | Tomb:1   | Killed a royal mummy
 73007 | Tomb:1   | Killed a royal mummy
 73008 | Tomb:1   | Reached skill level 10 in Invocations
 73014 | Tomb:1   | Killed a royal mummy
 73016 | Tomb:1   | Noticed a royal mummy
 73026 | Tomb:1   | Killed a royal mummy
 73027 | Tomb:1   | your +14 crystal plate armour {rare=g} unmelds from your
                  | body.
 73037 | Tomb:1   | Noticed a royal mummy
 73051 | Tomb:1   | Killed a royal mummy
 73052 | Tomb:1   | Reached skill level 11 in Invocations
 73058 | Tomb:1   | Reached skill level 7 in Transmutations
 73078 | Tomb:1   | Noticed a royal mummy
 73082 | Tomb:1   | Noticed a royal mummy
 73089 | Tomb:1   | your +14 crystal plate armour {rare=g} melds into your
                  | body.
 73093 | Tomb:1   | HP: 105/435 [royal mummy/divine providence (12)]
 73098 | Tomb:1   | HP: 99/652 [emperor scorpion[a royal mummy] (12)]
 73104 | Tomb:1   | HP: 62/652 [poisoned by an emperor scorpion]
 73104 | Tomb:1   | HP: 30/652 [royal mummy (5)]
 73106 | Tomb:1   | HP: 14/652 [emperor scorpion[a royal mummy] (4)]
 73106 | Tomb:1   | Noticed a royal mummy
 73107 | Tomb:1   | Killed a royal mummy
 73107 | Tomb:1   | Killed a royal mummy
 73112 | Tomb:1   | HP: 22/652 [royal mummy (2)]
 73115 | Tomb:1   | Killed a royal mummy
 73116 | Tomb:1   | your +14 crystal plate armour {rare=g} unmelds from your
                  | body.
 73170 | Tomb:1   | Noticed a royal mummy
 73178 | Tomb:1   | your +14 crystal plate armour {rare=g} melds into your
                  | body.
 73189 | Tomb:1   | Killed a royal mummy
 73190 | Tomb:1   | Reached skill level 12 in Invocations
 73221 | Tomb:1   | your +14 crystal plate armour {rare=g} unmelds from your
                  | body.
 73281 | Tomb:1   | Noticed a royal mummy
 73286 | Tomb:1   | your +14 crystal plate armour {rare=g} melds into your
                  | body.
 73291 | Tomb:1   | Killed a royal mummy
 73308 | Tomb:1   | your +14 crystal plate armour {rare=g} unmelds from your
                  | body.
 73423 | Tomb:1   | Noticed a royal mummy
 73429 | Tomb:1   | your +14 crystal plate armour {rare=g} melds into your
                  | body.
 73439 | Tomb:1   | Killed a royal mummy
 73440 | Tomb:1   | Noticed a royal mummy
 73448 | Tomb:1   | Killed a royal mummy
 73470 | Tomb:1   | your +14 crystal plate armour {rare=g} unmelds from your
                  | body.
 74455 | Tomb:2   | your +14 crystal plate armour {rare=g} melds into your
                  | body.
 74472 | Tomb:2   | Reached skill level 13 in Invocations
 74472 | Tomb:2   | Reached XP level 27. HP: 286/298 MP: 20/20
 74484 | Tomb:2   | Reached skill level 8 in Transmutations
 74493 | Tomb:2   | your +14 crystal plate armour {rare=g} unmelds from your
                  | body.
 74493 | Tomb:2   | HP: 71/298 [flayed ghost/flay_damage[a mummy priest] (21)]
 74521 | Tomb:2   | You pick up a book of the Earth and begin reading...
 75180 | Tomb:3   | Entered Level 3 of the Tomb of the Ancients
 75185 | Tomb:3   | Noticed a royal mummy
 75187 | Tomb:3   | your +14 crystal plate armour {rare=g} melds into your
                  | body.
 75192 | Tomb:3   | Reached ***** piety under Makhleb
 75193 | Tomb:3   | Reached skill level 14 in Invocations
 75193 | Tomb:3   | Noticed a royal mummy
 75199 | Tomb:3   | Reached skill level 15 in Invocations
 75203 | Tomb:3   | Killed a royal mummy
 75205 | Tomb:3   | Noticed a royal mummy
 75208 | Tomb:3   | Killed a royal mummy
 75208 | Tomb:3   | Noticed a royal mummy
 75213 | Tomb:3   | Noticed a royal mummy
 75217 | Tomb:3   | Killed a royal mummy
 75218 | Tomb:3   | Reached skill level 16 in Invocations
 75227 | Tomb:3   | Killed a royal mummy
 75228 | Tomb:3   | Killed a royal mummy
 75229 | Tomb:3   | Noticed a royal mummy
 75235 | Tomb:3   | Reached skill level 17 in Invocations
 75240 | Tomb:3   | Noticed a royal mummy
 75248 | Tomb:3   | your +14 crystal plate armour {rare=g} unmelds from your
                  | body.
 75248 | Tomb:3   | Noticed a royal mummy
 75250 | Tomb:3   | HP: 56/298 [??? (21)]
 75251 | Tomb:3   | Killed a royal mummy
 75251 | Tomb:3   | HP: 24/298 [something (15)]
 75251 | Tomb:3   | Killed a royal mummy
 75252 | Tomb:3   | your +14 crystal plate armour {rare=g} melds into your
                  | body.
 75254 | Tomb:3   | Noticed a royal mummy
 75256 | Tomb:3   | HP: 62/447 [ushabti (15)]
 75260 | Tomb:3   | Killed a royal mummy
 75261 | Tomb:3   | Reached skill level 18 in Invocations
 75261 | Tomb:3   | HP: 69/447 [something (6)]
 75266 | Tomb:3   | HP: 71/447 [emperor scorpion[a royal mummy] (5)]
 75271 | Tomb:3   | Killed a royal mummy
 75296 | Tomb:3   | your +14 crystal plate armour {rare=g} unmelds from your
                  | body.
 75492 | Tomb:3   | Identified a +1 crystal plate armour
 75493 | Tomb:3   | E - a +1 crystal plate armour {rare=g}
 75768 | Tomb:3   | Got a golden rune of Zot
 75836 | Tomb:3   | Identified the +1 plate armour "Gyewn" {Will+}
 75880 | Tomb:3   | Identified the ring of the Howling Gods {rCorr Dex+2}
 75886 | Tomb:3   | Identified the +5 quarterstaff of Bouff {vorpal, rElec}
 75888 | Tomb:3   | Got the Incunabulum of the Four Xeniums
 75890 | Tomb:3   | You pick up a book of Hexes and begin reading...
 75891 | Tomb:3   | Identified the +4 war axe of Doev {vorpal, Int+4 Dex+3
                  | Stlth+}
 75892 | Tomb:3   | Identified the +10 dagger "Azekh" {vorpal, Dex+3}
 75909 | Tomb:3   | You drop a +1 crystal plate armour {rare=g}.
 76037 | Tomb:3   | E - a +1 crystal plate armour {rare=g}
 76038 | Tomb:3   | You drop a +1 crystal plate armour {rare=g}.
 76045 | Tomb:3   | Identified a +2 crystal plate armour
 76071 | Tomb:3   | Could not pick up a +2 crystal plate armour {rare=g} here;
                  | ([A]lways) ignore it?
 76071 | Tomb:3   | Could not pick up a +2 crystal plate armour {rare=g} here;
                  | ([A]lways) ignore it?
 76071 | Tomb:3   | Could not pick up a +2 crystal plate armour {rare=g} here;
                  | ([A]lways) ignore it?
 76071 | Tomb:3   | Could not pick up a +2 crystal plate armour {rare=g} here;
                  | ([A]lways) ignore it?
 76071 | Tomb:3   | Could not pick up a +2 crystal plate armour {rare=g} here;
                  | ([A]lways) ignore it?
 76071 | Tomb:3   | Could not pick up a +2 crystal plate armour {rare=g} here;
                  | ([A]lways) ignore it?
 76071 | Tomb:3   | Could not pick up a +2 crystal plate armour {rare=g} here;
                  | ([A]lways) ignore it?
 76748 | Lair:6   | magus.rc [v1.9.6]
 76753 | Lair:6   | You finish taking off your +14 crystal plate armour
                  | {rare=g}.
 76753 | Lair:6   | You drop a +14 crystal plate armour {rare=g}.
 76754 | Lair:6   | magus.rc [v1.9.6]
 76754 | Lair:6   | magus.rc [v1.9.6]
 76756 | Lair:6   | Y - a +14 crystal plate armour {rare=g}
 76762 | Lair:6   | You finish putting on your +14 crystal plate armour
                  | {rare=g}.
 77240 | Zot:4    | You finish taking off your +14 crystal plate armour
                  | {rare=g}.
 77255 | Zot:4    | You finish putting on your +14 crystal plate armour
                  | {rare=g}.
 77357 | Depths:4 | Voluntarily entered the Abyss.
 77589 | Abyss:4  | Reached skill level 10 in Transmutations
 77589 | Abyss:4  | Got an abyssal rune of Zot
 77595 | Abyss:4  | Paralysed by accursed screaming for 1 turns
 77820 | Depths:4 | You pass through the gate.
 77820 | Depths:4 | Escaped the Abyss
 77856 | Hell     | Entered the Vestibule of Hell
 77856 | Hell     | Noticed Geryon
 77863 | Hell     | Reached skill level 1 in Earth Magic
 77869 | Hell     | Reached skill level 2 in Earth Magic
 77880 | Hell     | Reached skill level 3 in Earth Magic
 77907 | Hell     | Reached skill level 4 in Earth Magic
 77939 | Hell     | Reached skill level 5 in Earth Magic
 77945 | Hell     | Gained mutation: Your body sometimes deteriorates upon
                  | taking damage. [a cacodemon]
 77949 | Hell     | Killed Geryon
 77962 | Hell     | Reached skill level 6 in Earth Magic
 77976 | Hell     | Reached skill level 11 in Transmutations
 78004 | Hell     | Reached skill level 7 in Earth Magic
 78099 | Hell     | Reached skill level 8 in Earth Magic
 78112 | Hell     | Found a gateway to the Iron City of Dis.
 78256 | Hell     | Reached ****** piety under Makhleb
 78257 | Hell     | Found a gateway to the freezing wastes of Cocytus.
 78271 | Hell     | HP: 59/298 [caustic shrike simulacrum (28)]
 78480 | Hell     | Found a gateway to the ashen valley of Gehenna.
 79518 | Geh:1    | Entered Level 1 of Gehenna
 79533 | Geh:1    | Reached skill level 9 in Earth Magic
 79554 | Geh:1    | Reached skill level 10 in Earth Magic
 79815 | Geh:2    | Reached skill level 11 in Earth Magic
 79854 | Geh:2    | Reached skill level 12 in Transmutations
 80097 | Geh:3    | Reached skill level 12 in Earth Magic
 80130 | Geh:3    | Was forgiven by Trog
 80143 | Geh:3    | HP: 51/266 [???[a doom hound] (16)]
 80178 | Geh:3    | HP: 55/247 [???[a doom hound] (25)]
 80180 | Geh:3    | Reached skill level 13 in Earth Magic
 80184 | Geh:3    | HP: 59/253 [something (6)]
 80210 | Geh:3    | HP: 64/278 [???[a doom hound] (29)]
 80215 | Geh:3    | HP: 64/278 [???[a doom hound] (24)]
 80221 | Geh:3    | HP: 45/278 [???[a doom hound] (18)]
 80226 | Geh:3    | HP: 66/278 [poisoned by a putrid mouth (dark miasma)]
 80231 | Geh:3    | HP: 50/278 [poisoned by a putrid mouth (dark miasma)]
 80234 | Geh:3    | HP: 12/278 [hellion/damnation (26)]
 80234 | Geh:3    | Killed from afar by a hellion

Vanquished Creatures
  the Royal Jelly (Slime:5)
  A dread lich (Abyss:5)
  Khufu (Crypt:2)
  2 ancient liches
  2 orbs of fire
  Sojobo (Vaults:2)
  30 royal mummies
  A Killer Klown (Zot:5)
  Xtahua (Crypt:2)
  A curse toe (Zot:3)
  Saint Roka (Depths:3)
  Bai Suzhen (Depths:2)
  Geryon (Hell)
  7 golden dragons
  A caustic shrike (Depths:3)
  A profane servitor (Abyss:5)
  The ghost of Jetyrhek the Devastator, a veteran GrEE of Lugonu (Crypt:1)
  Jory (Crypt:3)
  Nikola (Vaults:2)
  A Tzitzimitl (Geh:3)
  3 bone dragons (Geh:3)
  A shard shrike zombie (Tomb:3)
  2 electric golems
  4 hellephants
  Rupert (Orc:2)
  Zenata (Crypt:1)
  A tainted leviathan (Hell)
  14 tentacled monstrosities
  8 liches
  Jorgrun (Elf:2)
  8 searing wretches
  7 deep elf blademasters (Elf:3)
  A titan (Vaults:5)
  2 shard shrike skeletons
  3 walking divine tomes
  A walking frostbound tome (Depths:3)
  4 deep elf master archers (Elf:3)
  3 quicksilver dragons
  12 sphinxes
  19 acid blobs
  6 ancient champions
  12 tentacled starspawn
  2 Executioners
  13 shadow dragons
  3 death cobs
  10 storm dragons
  A kraken (Shoals:4)
  Agnes (D:15)
  10 tengu reavers
  Roxanne (Elf:2)
  5 draconian monks
  16 azure jellies
  A daeva (Abyss:1)
  5 draconian knights
  A nagaraja (Abyss:4)
  17 rockslimes
  5 revenants
  6 ghost moths
  7 deep elf sorcerers
  An iron dragon (Depths:3)
  5 emperor scorpions
  25 fire giants
  9 ghouls (Crypt:2)
  7 draconian scorchers
  7 frost giants
  3 draconian shifters
  3 balrugs (Geh:3)
  10 vault wardens
  A caustic shrike zombie (Abyss:5)
  3 angels
  A curse skull (Crypt:1)
  3 spriggan defenders
  6 draconian annihilators
  A draconian stormcaller (Zot:2)
  2 cacodemons
  12 ironbound preservers
  An orc warlord (Vaults:2)
  29 very ugly things
  5 reapers
  3 war gargoyles
  5 spectral caustic shrikes
  2 broodmothers (Spider:2)
  55 starcursed masses
  4 green draconians
  31 stone giants
  14 quicksilver oozes
  6 ironbound thunderhulks
  6 bennus
  17 vampire knights
  4 black draconians
  6 deep elf demonologists
  A spectral titan (Crypt:1)
  10 red draconians
  6 putrid mouths
  A bunyip (shapeshifter) (Elf:2)
  3 entropy weavers
  5 white draconians
  6 deep elf annihilators (Elf:3)
  7 dire elephants
  7 spark wasps
  2 lorocyprocas
  5 yellow draconians
  A blizzard demon (Hell)
  7 deep elf death magi
  11 purple draconians
  13 ettins
  6 eidola
  6 merfolk javelineers
  2 crystal guardians
  9 jiangshi
  A spectral fenstrider witch (Crypt:1)
  A spectral iron giant (Crypt:1)
  17 mummy priests
  6 merfolk impalers
  3 deep elf high priests
  7 fire dragons
  4 spriggan zombies
  14 great orbs of eyes
  16 yaktaur captains
  6 rakshasas
  35 vault guards
  4 hell beasts (Geh:3)
  4 hydras
  6 peacekeepers
  2 caustic shrike simulacra (Hell)
  4 salamander tyrants
  9 ice dragons
  15 two-headed ogres
  An alligator snapping turtle (Shoals:3)
  8 ironbound frosthearts
  A juggernaut simulacrum (Hell)
  7 boulder beetles
  7 spriggan air magi
  4 ogre magi
  2 catoblepae
  3 jorogumos
  11 centaur warriors
  A spriggan skeleton (Crypt:1)
  2 fenstrider witch skeletons
  2 radroaches
  2 stokers
  2 death knights
  33 dancing weapons
  A naga warrior (Abyss:4)
  A merfolk avatar (Shoals:4)
  4 satyrs
  4 merfolk aquamancers (Shoals:4)
  34 death scarabs
  3 deep troll shamans
  46 hell hogs
  A demonspawn (Orc:2)
  4 deep troll earth magi
  22 thrashing horrors
  3 death yaks (Lair:6)
  9 vampire magi
  12 tengu warriors
  4 orc high priests (Orc:2)
  A spriggan (Depths:4)
  4 spriggan berserkers
  5 hell knights
  7 soul eaters
  8 sun demons
  A titan zombie (Abyss:3)
  12 deep elf knights
  A fire crab (shapeshifter) (Vaults:5)
  5 sixfirhies
  63 skeletal warriors
  9 iron trolls
  12 sea snakes
  4 spatial maelstroms
  8 wretched stars
  3 shadow wraiths
  A storm dragon skeleton (Tomb:2)
  A salamander mystic (Depths:4)
  9 orb spiders
  9 pharaoh ants
  3 sun moths
  3 bunyip zombies (Crypt:3)
  7 glowing orange brains
  3 steelbarb worms
  A death drake (Abyss:1)
  36 deep trolls
  An orb spider (shapeshifter) (Elf:2)
  A swamp dragon (Abyss:4)
  An anaconda zombie (Crypt:3)
  12 ironbound convokers
  2 wizards
  A shadow dragon zombie (Hell)
  4 flayed ghosts
  2 spriggan simulacra (Crypt:1)
  An iron giant skeleton (Crypt:1)
  11 lindwurms
  A bog body (Crypt:2)
  32 phantasmal warriors
  31 harpies
  An anaconda skeleton (Tomb:1)
  43 deep elf pyromancers
  A fenstrider witch simulacrum (Crypt:1)
  8 necromancers
  7 orc knights
  A sphinx zombie (Crypt:1)
  15 deep elf archers
  A wolf spider (shapeshifter) (Abyss:4)
  An iron dragon zombie (Crypt:3)
  31 deep elf zephyrmancers
  3 tengu skeletons
  21 wolf spiders
  4 orc sorcerers (Orc:2)
  6 shining eyes
  2 oklob plants (Shoals:4)
  2 will-o-the-wisps (Abyss:2)
  A stone giant zombie (Crypt:1)
  24 ugly things
  36 cyclopes
  12 manticores
  A spectral centaur (Crypt:1)
  10 moths of wrath
  14 elephants
  11 merfolk sirens
  5 worldbinders
  3 spectral ettins (Crypt:1)
  2 salamanders (Depths:4)
  10 vault sentinels
  3 rust devils
  Maurice (D:11)
  5 apocalypse crabs
  8 fauns
  A stone giant skeleton (Depths:1)
  5 naga zombies
  3 centaur zombies
  5 orange demons
  4 water nymphs
  4 black mambas
  An elephant (shapeshifter) (Vaults:2)
  2 titan simulacra (Hell)
  3 guardian serpents
  A guardian serpent (shapeshifter) (Vaults:5)
  13 smoke demons
  2 unseen horrors
  4 torpor snails
  3 eyes of devastation
  2 gargoyles
  5 rime drakes
  Maggie (D:7)
  6 demonic crawlers
  11 cane toads
  A torpor snail (shapeshifter) (Elf:2)
  4 hellions
  8 efreet
  5 freezing wraiths
  A kobold demonologist (D:11)
  8 tengu conjurers
  10 ancient zymes
  2 naga skeletons
  3 tormentors
  20 yaktaurs
  An ice devil (Depths:2)
  17 komodo dragons
  2 hellwings (Depths:2)
  The ghost of Laraso the Ruffian, an amateur TrMo (D:3)
  48 guardian mummies
  A pale draconian skeleton (Crypt:3)
  3 red devils
  18 merfolk
  A harpy zombie (Crypt:1)
  A queen bee (shapeshifter) (Elf:2)
  12 trolls
  A spectral harpy (Crypt:1)
  A meliai (D:14)
  21 tarantellas
  6 wind drakes
  2 merfolk (shapeshifter)
  A guardian serpent zombie (Crypt:3)
  A harpy skeleton (Abyss:2)
  A polar bear (shapeshifter) (Abyss:3)
  2 ettin zombies
  13 polar bears
  7 hornets
  3 saltlings (Vaults:1)
  13 blink frogs
  31 raiju
  2 merfolk zombies
  150 slime creatures
  A raiju (shapeshifter) (Abyss:5)
  11 snapping turtles
  25 jumping spiders
  24 flying skulls
  A fire giant simulacrum (Depths:1)
  Sigmund (D:5)
  26 culicivoras
  A black mamba zombie (Hell)
  13 ynoxinuls
  A spriggan (shapeshifter) (Elf:3)
  12 water elementals
  21 ushabtiu
  14 wraiths
  54 yaks
  An alligator skeleton (Crypt:3)
  7 wyverns
  A shadow (D:10)
  3 dire elephant simulacra
  A naga simulacrum (Abyss:1)
  6 fire bats (Abyss:5)
  2 air elementals
  A vampire (Abyss:1)
  9 basilisks
  18 chaos spawn
  20 small abominations
  A hog (shapeshifter) (Vaults:5)
  39 redbacks
  9 neqoxecs
  Eustachio (D:5)
  2 fire elementals
  2 steam dragons (D:8)
  16 golden eyes
  2 harpy simulacra
  34 large abominations
  5 vampire mosquitoes
  A naga (Abyss:4)
  7 wargs
  A spatial vortex (Abyss:5)
  18 water moccasins
  A hell hound (Abyss:2)
  An acid dragon (D:11)
  2 floating eyes
  A floating eye (shapeshifter) (Elf:3)
  38 orc warriors
  A hydra simulacrum (Crypt:1)
  An ettin simulacrum (Hell)
  A two-headed ogre skeleton (Crypt:1)
  A sky beast (D:4)
  20 black bears
  An ice beast (D:7)
  An ice dragon simulacrum (Crypt:1)
  53 wolves
  A boggart (Vaults:1)
  A blink frog zombie (Crypt:2)
  19 ogres
  A lindwurm skeleton (Crypt:1)
  A manticore skeleton (Crypt:2)
  12 centaurs
  A rime drake skeleton (Crypt:3)
  14 bullfrogs
  6 kobold brigands
  A tengu simulacrum (Depths:1)
  5 necrophages
  6 scorpions
  An elf skeleton (Crypt:1)
  11 wights
  A polar bear zombie (Crypt:2)
  A cyclops skeleton (Crypt:2)
  A swamp dragon simulacrum (Hell)
  6 killer bees (D:10)
  A warg skeleton (Crypt:2)
  7 howler monkeys
  7 jellies
  3 lava snakes (D:8)
  4 quasits
  2 iron imps
  5 hounds
  14 orc priests
  3 iguanas
  Natasha (thrice) (D:2)
  17 orc wizards
  54 mummies
  9 adders
  A shadow imp (Abyss:2)
  4 white imps
  3 ufetubi
  A lava snake skeleton (Crypt:1)
  5 worms
  4 dart slugs
  67 orcs
  10 endoplasms
  10 giant cockroaches
  8 goblins
  8 hobgoblins
  4 jackals (D:2)
  A quokka (D:1)
  9 ball pythons
  A ball python skeleton (Crypt:3)
  8 bats
  5 frilled lizards
  A goblin skeleton (Crypt:2)
  24 kobolds
  A quokka skeleton (Crypt:2)
  A quokka zombie (Crypt:3)
  2 rats
  2 bushes (Abyss:1)
  3 creeping infernos
  A demonic plant (Abyss:1)
  13 fire vortices
  5 lurking horrors
  6 starspawn tentacles
  A tentacle (Shoals:4)
3126 creatures vanquished.

Vanquished Creatures (collateral kills)
  Tiamat (Zot:1)
  Vv (Zot:2)
  A titan (Vaults:5)
  A sphinx (Vaults:5)
  2 shadow dragons (Vaults:5)
  A fire giant (Vaults:5)
  7 vault wardens
  2 draconian annihilators
  3 ironbound preservers
  3 very ugly things (Vaults:5)
  A black draconian (Zot:1)
  A deep elf demonologist (Elf:2)
  2 yellow draconians (Zot:1)
  A white draconian (Zot:1)
  A purple draconian (Depths:4)
  A deep elf death mage (Elf:3)
  3 yaktaur captains (Vaults:5)
  A vault guard (Vaults:2)
  An ice dragon (Depths:4)
  A boulder beetle (Lair:6)
  A demonspawn (Orc:2)
  A juggernaut simulacrum (Hell)
  4 dancing weapons
  An ironbound frostheart (Vaults:2)
  2 deep elf knights
  3 deep trolls (Vaults:2)
  2 orc knights (Orc:2)
  A deep elf archer (Elf:2)
  3 deep elf pyromancers (Elf:3)
  4 orc sorcerers
  An ugly thing (Vaults:5)
  2 deep elf zephyrmancers (Elf:2)
  A moth of wrath (Zot:1)
  3 vault sentinels
  A flying skull (Tomb:3)
  2 yaks (Lair:2)
  An orc warrior (Orc:2)
  A wolf (Lair:2)
  An iguana (shapeshifter) (Vaults:5)
  A mummy (Tomb:1)
71 creatures vanquished.

Vanquished Creatures (others)
  An ancient lich (Vaults:5)
  2 sphinxes (Tomb:1)
  3 fire giants
  A frost giant (Depths:3)
  2 draconian knights
  An angel (D:5)
  A spriggan defender (Depths:2)
  An elemental wellspring (Hell)
  A lorocyproca (Depths:4)
  A merfolk impaler (Shoals:2)
  A vault guard (Vaults:5)
  A hell beast (Geh:3)
  A merfolk aquamancer (Shoals:2)
  A death scarab (Tomb:3)
  2 deep elf knights (Elf:2)
  A phantasmal warrior (Vaults:5)
  2 deep elf pyromancers
  2 deep elf zephyrmancers
  An anaconda simulacrum (Hell)
  A slime creature (Slime:5)
  A starcursed mass (Abyss:4)
  A naga simulacrum (Hell)
  A creeping inferno (Geh:1)
  8 demonic plants (Abyss:1)
  4 fire vortices
  7 foxfires (Abyss:2)
  25 fungi
  136 plants
  19 starspawn tentacles
  2 tentacles (Shoals:4)
231 creatures vanquished.

Grand Total: 3428 creatures vanquished

Table legend:
 A = Non-vault XP
 B = Vault XP
 C = Vault XP percentage of total XP
 D = Non-vault monster count
 E = Vault monster count
 F = Vault count percentage of total count
                 A         B        C        D         E       F
            +---------+---------+-------+---------+---------+-------
      Total |  898154 |  815227 |  47.6 |    1972 |    1088 |  35.6
            +---------+---------+-------+---------+---------+-------
        D:1 |      43 |      12 |  21.8 |      23 |       6 |  20.7
        D:2 |     139 |      35 |  20.1 |      32 |       1 |   3.0
        D:3 |     105 |     669 |  86.4 |      17 |       4 |  19.0
        D:4 |     579 |       0 |   0.0 |      14 |       0 |   0.0
        D:5 |     972 |     630 |  39.3 |      21 |       7 |  25.0
        D:6 |    1145 |       0 |   0.0 |      21 |       0 |   0.0
        D:7 |    1100 |     398 |  26.6 |      10 |       1 |   9.1
        D:8 |     834 |    2944 |  77.9 |      19 |       8 |  29.6
        D:9 |    2265 |     664 |  22.7 |      17 |       4 |  19.0
       D:10 |    4331 |       0 |   0.0 |      30 |       0 |   0.0
       D:11 |    3957 |     462 |  10.5 |      13 |       1 |   7.1
       D:12 |    7288 |     766 |   9.5 |      16 |       2 |  11.1
       D:13 |    6249 |       0 |   0.0 |      14 |       0 |   0.0
       D:14 |   16313 |   12711 |  43.8 |      35 |      19 |  35.2
       D:15 |    4446 |    9037 |  67.0 |       9 |      12 |  57.1
     Lair:1 |    7598 |       0 |   0.0 |      28 |       0 |   0.0
     Lair:2 |    8171 |     372 |   4.4 |      31 |       1 |   3.1
     Lair:3 |    3473 |       0 |   0.0 |      18 |       0 |   0.0
     Lair:4 |    7125 |     790 |  10.0 |      26 |       2 |   7.1
     Lair:5 |    6295 |       0 |   0.0 |      20 |       0 |   0.0
     Lair:6 |    7967 |   12616 |  61.3 |      33 |      55 |  62.5
   Shoals:1 |    7558 |    1394 |  15.6 |      14 |       3 |  17.6
   Shoals:2 |   18985 |       0 |   0.0 |      36 |       0 |   0.0
   Shoals:3 |   10012 |       0 |   0.0 |      20 |       0 |   0.0
   Shoals:4 |   11421 |   21090 |  64.9 |      22 |      38 |  63.3
   Spider:1 |    8670 |    2864 |  24.8 |      25 |       9 |  26.5
   Spider:2 |   17937 |     277 |   1.5 |      47 |       1 |   2.1
   Spider:3 |   13469 |       0 |   0.0 |      30 |       0 |   0.0
   Spider:4 |   13171 |   19218 |  59.3 |      29 |      41 |  58.6
    Slime:1 |   13076 |   18486 |  58.6 |      27 |      16 |  37.2
    Slime:2 |   18262 |     746 |   3.9 |      31 |       2 |   6.1
    Slime:3 |   15288 |       0 |   0.0 |      33 |       0 |   0.0
    Slime:4 |   10729 |       0 |   0.0 |      19 |       0 |   0.0
    Slime:5 |   13786 |   23600 |  63.1 |      35 |      15 |  30.0
      Orc:1 |    1176 |    4441 |  79.1 |      20 |       8 |  28.6
      Orc:2 |    3692 |   17780 |  82.8 |      41 |      62 |  60.2
      Elf:1 |   19023 |    7537 |  28.4 |      29 |      12 |  29.3
      Elf:2 |   29130 |   26810 |  47.9 |      45 |      34 |  43.0
      Elf:3 |   19537 |   34554 |  63.9 |      33 |      28 |  45.9
   Vaults:1 |   16263 |   14018 |  46.3 |      31 |      21 |  40.4
   Vaults:2 |   31004 |   30307 |  49.4 |      45 |      35 |  43.8
   Vaults:3 |   11625 |   21216 |  64.6 |      16 |      30 |  65.2
   Vaults:4 |   21677 |    7109 |  24.7 |      26 |      10 |  27.8
   Vaults:5 |   22625 |   95364 |  80.8 |      25 |      91 |  78.4
    Crypt:1 |   32497 |   12329 |  27.5 |      47 |      15 |  24.2
    Crypt:2 |   36221 |   14573 |  28.7 |      48 |       5 |   9.4
    Crypt:3 |   21235 |   51878 |  71.0 |      30 |      70 |  70.0
     Tomb:1 |    7170 |   72887 |  91.0 |      18 |      65 |  78.3
     Tomb:2 |    5880 |   35914 |  85.9 |      19 |      46 |  70.8
     Tomb:3 |   10485 |   68033 |  86.6 |      26 |      76 |  74.5
   Depths:1 |   21563 |    5365 |  19.9 |      27 |       7 |  20.6
   Depths:2 |   29090 |   56776 |  66.1 |      31 |      68 |  68.7
   Depths:3 |   25967 |   33178 |  56.1 |      23 |      40 |  63.5
   Depths:4 |   28830 |   24829 |  46.3 |      35 |      25 |  41.7
       Hell |   26075 |   23014 |  46.9 |      36 |      21 |  36.8
      Geh:1 |   25123 |       0 |   0.0 |      30 |       0 |   0.0
      Geh:2 |   17284 |       0 |   0.0 |      20 |       0 |   0.0
      Geh:3 |   26711 |    8574 |  24.3 |      21 |      10 |  32.3
      Zot:1 |   37683 |   15532 |  29.2 |      33 |      11 |  25.0
      Zot:2 |   45141 |    3428 |   7.1 |      33 |       1 |   2.9
      Zot:3 |   20239 |       0 |   0.0 |      16 |       0 |   0.0
      Zot:4 |   27414 |       0 |   0.0 |      19 |       0 |   0.0
      Zot:5 |   15035 |       0 |   0.0 |       8 |       0 |   0.0
    Abyss:1 |       0 |       0 |   N/A |      39 |       1 |   2.5
    Abyss:2 |       0 |       0 |   N/A |      81 |       4 |   4.7
    Abyss:3 |       0 |       0 |   N/A |      18 |       0 |   0.0
    Abyss:4 |       0 |       0 |   N/A |      47 |      16 |  25.4
    Abyss:5 |       0 |       0 |   N/A |     141 |      28 |  16.6
            +---------+---------+-------+---------+---------+-------

Illustrated notes

.....# #...## ##...# #.......#
.....# ##...###...## #....[###
.....##### ##...#...## ###..#.#
§......#.## ##.....## ##.##.#.#
§....#.'..## ##...## ##..'?.#.#
.....###...## ##'## ##...#....#
.....# ##...###.)[###.).##..###
.....# ##...#..(.[#.).##.....###
.....# ##..'..@..'..###...#..[.
.....#####...#.....#...##<..#....
#.#.#..##...###...###...##.......
###.##.#...## ##+## ##...##.##...
##.##.'..## ##...## ##..'..##...
#..####.## ##.....## ##.#..##...
##..# ### ##...#...######.###...
#...# ##...###...##..........
##.#### #...## ##...##..####...


Turn 49961 on Depths:4: Careful #.......≈...# #.# #.# #...........# #.# #.#
#...........########.# #.# #.................##.# #.# ## ###......##.......##.#
#.# ##. #......##.......##.######.# #.# #.....<##.......##†.....#.# ##.
#......##.......#####...#.# ## #..≈≈..##.....@.# #...#.# # #......##.[.....#
#.###.# # ###......++.......# #.# #.# # .........##.......# #.# #.# #
.........#...#.#.## #.# #.# # ≈..###.###.#.#.#.# #.# #.# # ≈..# #.# #.#.#.#.#
#.# #.# # ≈..###.###.#.#.#.######.# #.# # ≈..........#.#.#........# #.# Turn
64955 on D:8: This is where I splat ....###...# #......# #.# #..##©#...##
#######.##.#####.# #..##.#....# #.......##.#...... #..##.##...#
#.#####.##.#....†. ...##..#...#####.....#.##.#......
..##.^.#...##........#.##..####.. ###...##...##.##.##..#####.## #..
#.#.###....##.#...#..##.....# #.. ..#.#...........@)..........###.#
..#∩##....##..#...#.##.......##.# ©....##...##..##.##.###....#.##.#
###.#.##..##........# #....#.##.# ..#.#).#..##.....#### ######.##.#
..###x##..######.### #.##.# ....###...# #.#.# ######.##.# ..........# #...#
#.......... ..........########.# #.#####.#.# Turn 66331 on D:3: here we go time
to die

Table legend:
 A = Kills in this place as a percentage of kills in entire the game.
 B = Kills by you in this place as a percentage of kills by you in the entire game.
 C = Kills by friends in this place as a percentage of kills by friends in the entire game.
 D = Other kills in this place as a percentage of other kills in the entire game.
 E = Experience gained in this place as a percentage of experience gained in the entire game.
 F = Experience gained in this place divided by the number of levels of this place that you have seen.
                   A       B       C       D       E      F
               +-------+-------+-------+-------+-------+----------------------
         Total | 100.0 | 100.0 | 100.0 | 100.0 | 100.0 | 23153.8
       Dungeon |  11.6 |  12.0 |   0.0 |   4.0 |   4.6 | 5206.3
          Lair |   7.0 |   7.1 |   5.6 |   0.0 |   3.2 | 9067.8
        Shoals |   4.3 |   4.4 |   0.0 |   8.0 |   4.1 | 17615.0
   Spider Nest |   5.9 |   6.1 |   0.0 |   0.0 |   4.4 | 18901.5
    Slime Pits |   5.8 |   6.0 |   0.0 |   4.0 |   6.7 | 22794.6
  Orcish Mines |   4.3 |   4.2 |   9.9 |   0.0 |   1.6 | 13544.5
   Elven Halls |   5.9 |   5.4 |  21.1 |  20.0 |   8.0 | 45530.3
        Vaults |  10.8 |  10.0 |  43.7 |  12.0 |  15.8 | 54241.6
         Crypt |   7.0 |   7.3 |   0.0 |   0.0 |   9.8 | 56244.3
          Tomb |   8.2 |   8.3 |   2.8 |  12.0 |  11.7 | 66789.7
        Depths |   8.4 |   8.4 |   4.2 |  12.0 |  13.2 | 56399.5
          Hell |   1.9 |   1.9 |   1.4 |   4.0 |   2.9 | 49089.0
       Gehenna |   2.6 |   2.6 |   0.0 |  16.0 |   4.5 | 25897.3
           Zot |   4.0 |   3.7 |  11.3 |   8.0 |   9.6 | 32894.4
         Abyss |  12.3 |  12.7 |   0.0 |   0.0 |   0.0 |   0.0
               +-------+-------+-------+-------+-------+----------------------

Table legend: (Time is in decaauts)
 A = Elapsed time spent in this place.
 B = Non-inter-level travel time spent in this place.
 C = Inter-level travel time spent in this place.
 D = Time resting spent in this place.
 E = Time spent auto-exploring this place.
 F = Levels seen in this place.
 G = Mean time per level.
                   A        B        C        D        E       F      G
               +--------+--------+--------+--------+--------+-----+--------+
         Total |  78142 |  62705 |  15437 |   9323 |  33479 |  74 | 1056.0 |
       Dungeon |  19694 |  14110 |   5584 |   2466 |   8464 |  15 | 1312.9 |
        Temple |    151 |     39 |    112 |      0 |     33 |   1 |  151.0 |
          Lair |   7506 |   5923 |   1583 |    424 |   4026 |   6 | 1251.0 |
        Shoals |   3572 |   3164 |    408 |    203 |   1880 |   4 |  893.0 |
   Spider Nest |   3842 |   3588 |    254 |      0 |   2568 |   4 |  960.5 |
    Slime Pits |   2560 |   2305 |    255 |    233 |   1316 |   5 |  512.0 |
  Orcish Mines |   2240 |   1439 |    801 |    292 |    661 |   2 | 1120.0 |
   Elven Halls |   7238 |   5588 |   1650 |   1857 |   2101 |   3 | 2412.7 |
        Vaults |   8135 |   6386 |   1749 |    670 |   4084 |   5 | 1627.0 |
         Crypt |   3487 |   2958 |    529 |    272 |   1527 |   3 | 1162.3 |
          Tomb |   4926 |   4219 |    707 |   1755 |    957 |   3 | 1642.0 |
        Depths |   5810 |   4608 |   1202 |    506 |   2345 |   4 | 1452.5 |
          Hell |    523 |    481 |     42 |      0 |     81 |   1 |  523.0 |
       Gehenna |    673 |    638 |     35 |      0 |    322 |   3 |  224.3 |
           Zot |   4827 |   4307 |    520 |    607 |   2475 |   5 |  965.4 |
         Abyss |   2871 |   2871 |      0 |     33 |    633 |   9 |  319.0 |
         Trove |     80 |     80 |      0 |      0 |      2 |   1 |   80.0 |
               +--------+--------+--------+--------+--------+-----+--------+

Top non-repeatable levels by time:
   Elf:3: 3631 daAuts
  Tomb:1: 2679 daAuts
    D:10: 2159 daAuts
Depths:2: 2086 daAuts
Vaults:5: 2038 daAuts
    D:15: 1982 daAuts
   Elf:1: 1948 daAuts
Vaults:2: 1737 daAuts
  Lair:2: 1700 daAuts
     D:5: 1661 daAuts
   Elf:2: 1658 daAuts
Depths:3: 1619 daAuts
    D:12: 1597 daAuts
Vaults:3: 1587 daAuts
   Orc:2: 1526 daAuts
